Workbook

Sheet Смета СН-2012 по гл. 1-5
A1: =CONCATENATE(Source!B1, " СН-2012 (© ОАО МЦЦС 'Мосстройцены', ", "2020", ")") -> Smeta.RU (495) 974-1589 СН-2012 (© ОАО МЦЦС 'Мосстройцены', 2020)
J2: Форма № 1а (глава 1-5)
B3: "СОГЛАСОВАНО" | G3: "УТВЕРЖДАЮ"
B6: =CONCATENATE("______________________ ", IF(Source!AL12<>"", Source!AL12, "")) -> ______________________ | G6: =CONCATENATE("______________________ ", IF(Source!AH12<>"", Source!AH12, "")) -> ______________________
B7: "_____"________________ 2020 г. | G7: "_____"________________ 2020 г.
A10: =CONCATENATE( "ЛОКАЛЬНАЯ СМЕТА № ",IF(Source!F20<>"Новая локальная смета", Source!F20, "")) -> ЛОКАЛЬНАЯ СМЕТА №
A11: (локальный сметный расчет)
A13: =IF(Source!G20<>"Новая локальная смета", Source!G20, "")
A15: =IF(Source!G12<>"Новый объект", Source!G12, "") -> Оказание услуг по круглосуточному обслуживанию и текущему ремонту лифтового оборудования ГБУЗ "ГКБ № 29 им. Н.Э. Баумана" | AE15: =IF(Source!G12<>"Новый объект", Source!G12, "") -> Оказание услуг по круглосуточному обслуживанию и текущему ремонту лифтового оборудования ГБУЗ "ГКБ № 29 им. Н.Э. Баумана"
A16: (наименование работ и затрат, наименование объекта)
A18: =CONCATENATE( "Основание: чертежи № ", Source!J20) -> Основание: чертежи №
F20: Сметная стоимость | I20: =(Source!F430/1000) -> 4600.8685 | K20: тыс.руб
F21: Строительные работы | I21: =(Source!F419)/1000 -> 0 | K21: тыс.руб
F22: Монтажные работы | I22: =(Source!F420)/1000 -> 0 | K22: тыс.руб
F23: Оборудование | I23: =(Source!F411)/1000 -> 0 | K23: тыс.руб
F24: Прочие работы | I24: =(Source!F421+Source!F422)/1000 -> 4600.8685 | K24: тыс.руб
F25: Средства на оплату труда | I25: =(Source!F417+ Source!F416)/1000 -> 2737.7437 | K25: тыс.руб
A26: Составлен(а) в уровне текущих (прогнозных) цен октябрь 2019 года
A27: №№ п/п | B27: Шифр расценки и коды ресурсов | C27: Наименование работ и затрат | D27: Единица измерения | E27: Кол-во единиц | F27: Цена на ед. изм. руб. | G27: Попра-вочные коэфф. | H27: Коэфф. зимних удоро-жаний | I27: Коэфф. пересчета | J27: ВСЕГО затрат, руб. | K27: Справочно
K28: ЗТР, всего чел.-час
K29: Ст-ть ед. с начислен.
A30: 1 | B30: 2 | C30: 3 | D30: 4 | E30: 5 | F30: 6 | G30: 7 | H30: 8 | I30: 9 | J30: 10 | K30: 11
A32: =CONCATENATE("Раздел: ",IF(Source!G24<>"Новый раздел", Source!G24, "")) -> Раздел: ТО лифтов 8 этажей
A34: =CONCATENATE("Подраздел: ",IF(Source!G28<>"Новый подраздел", Source!G28, "")) -> Подраздел: Лифты с автоматическими дверями
A35: =Source!E32 -> 1 | B35: =Source!F32 -> 6.4-0122-1-6 | C35: =Source!G32 -> Техническое обслуживание лифтов пассажирских с верхним машинным помещением, с раздвижными автоматическими дверями, грузоподъемность 1000 кг, скорость движения кабины 1 м/с, ежемесячное, на количество этажей 8 | D35: =Source!H32 -> 1 лифт | E35: =Source!I32 -> 9 | Q35: =ROUND((Source!BZ32/100)*ROUND((Source!AF32*Source!AV32)*Source!I32, 2), 2) -> 15018362 | R35: =Source!X32 -> 38229.75 | S35: =ROUND((Source!CA32/100)*ROUND((Source!AF32*Source!AV32)*Source!I32, 2), 2) -> 2418423.9 | T35: =Source!Y32 -> 6156.18 | U35: =ROUND((175/100)*ROUND((Source!AE32*Source!AV32)*Source!I32, 2), 2) -> 0 | V35: =ROUND((108/100)*ROUND(Source!CS32*Source!I32, 2), 2) -> 0
C36: ЗП | F36: =Source!AO32 -> 5612.07 | G36: =Source!DG32 -> )*7 | H36: =Source!AV32 -> 1 | I36: =IF(Source!BA32<> 0, Source!BA32, 1) -> 1 | J36: =Source!S32 -> 353560.41
C37: ЭМ | F37: =Source!AM32 -> 644.22 | G37: =Source!DE32 -> )*7 | H37: =Source!AV32 -> 1 | I37: =IF(Source!BB32<> 0, Source!BB32, 1) -> 1 | J37: =Source!Q32 -> 40585.86
C38: МР | F38: =Source!AL32 -> 357.11 | G38: =Source!DD32 -> )*7 | H38: =Source!AW32 -> 1 | I38: =IF(Source!BC32<> 0, Source!BC32, 1) -> 1 | J38: =Source!P32 -> 22497.93
C39: НР от ЗП | D39: % | E39: =Source!AT32 -> 0 | J39: =SUM(R35:R38) -> 38229.75
C40: СП от ЗП | D40: % | E40: =Source!AU32 -> 0 | J40: =SUM(T35:T39) -> 6156.18
C41: ЗТР | D41: чел-ч | E41: =Source!AQ32 -> 22.31 | G41: =Source!DI32 -> )*7 | H41: =Source!AV32 -> 1 | K41: =Source!U32 -> 1405.53
I42: =J36+J37+J38+J39+J40 -> 461030.13 | K42: =IF(Source!I32<>0, ROUND(I42/Source!I32, 2), 0) -> 51225.57 | P42: =I42 -> 461030.13
A43: =Source!E33 -> 2 | B43: =Source!F33 -> 6.4-0122-2-6 | C43: =Source!G33 -> Техническое обслуживание лифтов пассажирских с верхним машинным помещением, с раздвижными автоматическими дверями, грузоподъемность 1000 кг, скорость движения кабины 1 м/с, ежеквартальное, на количество этажей 8 | D43: =Source!H33 -> 1 лифт | E43: =Source!I33 -> 9 | Q43: =ROUND((Source!BZ33/100)*ROUND((Source!AF33*Source!AV33)*Source!I33, 2), 2) -> 29730326 | R43: =Source!X33 -> 82674.63 | S43: =ROUND((Source!CA33/100)*ROUND((Source!AF33*Source!AV33)*Source!I33, 2), 2) -> 4869444.7 | T43: =Source!Y33 -> 13541.04 | U43: =ROUND((175/100)*ROUND((Source!AE33*Source!AV33)*Source!I33, 2), 2) -> 0 | V43: =ROUND((108/100)*ROUND(Source!CS33*Source!I33, 2), 2) -> 0
C44: ЗП | F44: =Source!AO33 -> 11986.88 | G44: =Source!DG33 -> )*3 | H44: =Source!AV33 -> 1 | I44: =IF(Source!BA33<> 0, Source!BA33, 1) -> 1 | J44: =Source!S33 -> 323645.76
C45: ЭМ | F45: =Source!AM33 -> 1604.37 | G45: =Source!DE33 -> )*3 | H45: =Source!AV33 -> 1 | I45: =IF(Source!BB33<> 0, Source!BB33, 1) -> 1 | J45: =Source!Q33 -> 43317.99
C46: МР | F46: =Source!AL33 -> 1080.23 | G46: =Source!DD33 -> )*3 | H46: =Source!AW33 -> 1 | I46: =IF(Source!BC33<> 0, Source!BC33, 1) -> 1 | J46: =Source!P33 -> 29166.21
C47: НР от ЗП | D47: % | E47: =Source!AT33 -> 0 | J47: =SUM(R43:R46) -> 82674.63
C48: СП от ЗП | D48: % | E48: =Source!AU33 -> 0 | J48: =SUM(T43:T47) -> 13541.04
C49: ЗТР | D49: чел-ч | E49: =Source!AQ33 -> 46.27 | G49: =Source!DI33 -> )*3 | H49: =Source!AV33 -> 1 | K49: =Source!U33 -> 1249.29
I50: =J44+J45+J46+J47+J48 -> 492345.63 | K50: =IF(Source!I33<>0, ROUND(I50/Source!I33, 2), 0) -> 54705.07 | P50: =I50 -> 492345.63
A51: =Source!E34 -> 3 | B51: =Source!F34 -> 6.4-0122-3-6 | C51: =Source!G34 -> Техническое обслуживание лифтов пассажирских с верхним машинным помещением, с раздвижными автоматическими дверями, грузоподъемность 1000 кг, скорость движения кабины 1 м/с, полугодовое, на количество этажей 8 | D51: =Source!H34 -> 1 лифт | E51: =Source!I34 -> 9 | Q51: =ROUND((Source!BZ34/100)*ROUND((Source!AF34*Source!AV34)*Source!I34, 2), 2) -> 18281795 | R51: =Source!X34 -> 112394.97 | S51: =ROUND((Source!CA34/100)*ROUND((Source!AF34*Source!AV34)*Source!I34, 2), 2) -> 3001821.3 | T51: =Source!Y34 -> 18454.95 | U51: =ROUND((175/100)*ROUND((Source!AE34*Source!AV34)*Source!I34, 2), 2) -> 0 | V51: =ROUND((108/100)*ROUND(Source!CS34*Source!I34, 2), 2) -> 0
C52: ЗП | F52: =Source!AO34 -> 16265.67 | G52: =Source!DG34 | H52: =Source!AV34 -> 1 | I52: =IF(Source!BA34<> 0, Source!BA34, 1) -> 1 | J52: =Source!S34 -> 146391.03
C53: ЭМ | F53: =Source!AM34 -> 2223.73 | G53: =Source!DE34 | H53: =Source!AV34 -> 1 | I53: =IF(Source!BB34<> 0, Source!BB34, 1) -> 1 | J53: =Source!Q34 -> 20013.57
C54: МР | F54: =Source!AL34 -> 2340.93 | G54: =Source!DD34 | H54: =Source!AW34 -> 1 | I54: =IF(Source!BC34<> 0, Source!BC34, 1) -> 1 | J54: =Source!P34 -> 21068.37
C55: НР от ЗП | D55: % | E55: =Source!AT34 -> 0 | J55: =SUM(R51:R54) -> 112394.97
C56: СП от ЗП | D56: % | E56: =Source!AU34 -> 0 | J56: =SUM(T51:T55) -> 18454.95
C57: ЗТР | D57: чел-ч | E57: =Source!AQ34 -> 62.73 | G57: =Source!DI34 | H57: =Source!AV34 -> 1 | K57: =Source!U34 -> 564.57
I58: =J52+J53+J54+J55+J56 -> 318322.89 | K58: =IF(Source!I34<>0, ROUND(I58/Source!I34, 2), 0) -> 35369.21 | P58: =I58 -> 318322.89
A59: =Source!E35 -> 4 | B59: =Source!F35 -> 6.4-0122-4-6 | C59: =Source!G35 -> Техническое обслуживание лифтов пассажирских с верхним машинным помещением, с раздвижными автоматическими дверями, грузоподъемность 1000 кг, скорость движения кабины 1 м/с, годовое, на количество этажей 8 | D59: =Source!H35 -> 1 лифт | E59: =Source!I35 -> 9 | Q59: =ROUND((Source!BZ35/100)*ROUND((Source!AF35*Source!AV35)*Source!I35, 2), 2) -> 35898518 | R59: =Source!X35 -> 157320.54 | S59: =ROUND((Source!CA35/100)*ROUND((Source!AF35*Source!AV35)*Source!I35, 2), 2) -> 5876595.9 | T59: =Source!Y35 -> 25753.41 | U59: =ROUND((175/100)*ROUND((Source!AE35*Source!AV35)*Source!I35, 2), 2) -> 0 | V59: =ROUND((108/100)*ROUND(Source!CS35*Source!I35, 2), 2) -> 0
C60: ЗП | F60: =Source!AO35 -> 22818.71 | G60: =Source!DG35 | H60: =Source!AV35 -> 1 | I60: =IF(Source!BA35<> 0, Source!BA35, 1) -> 1 | J60: =Source!S35 -> 205368.39
C61: ЭМ | F61: =Source!AM35 -> 3040.15 | G61: =Source!DE35 | H61: =Source!AV35 -> 1 | I61: =IF(Source!BB35<> 0, Source!BB35, 1) -> 1 | J61: =Source!Q35 -> 27361.35
C62: МР | F62: =Source!AL35 -> 2525.62 | G62: =Source!DD35 | H62: =Source!AW35 -> 1 | I62: =IF(Source!BC35<> 0, Source!BC35, 1) -> 1 | J62: =Source!P35 -> 22730.58
C63: НР от ЗП | D63: % | E63: =Source!AT35 -> 0 | J63: =SUM(R59:R62) -> 157320.54
C64: СП от ЗП | D64: % | E64: =Source!AU35 -> 0 | J64: =SUM(T59:T63) -> 25753.41
C65: ЗТР | D65: чел-ч | E65: =Source!AQ35 -> 88.68 | G65: =Source!DI35 | H65: =Source!AV35 -> 1 | K65: =Source!U35 -> 798.12
I66: =J60+J61+J62+J63+J64 -> 438534.27 | K66: =IF(Source!I35<>0, ROUND(I66/Source!I35, 2), 0) -> 48726.03 | P66: =I66 -> 438534.27
A68: =CONCATENATE("Итого по подразделу: ",IF(Source!G37<>"Новый подраздел", Source!G37, "")) -> Итого по подразделу: Лифты с автоматическими дверями | I68: =SUM(P34:P67) -> 1710232.9
A71: =CONCATENATE("Подраздел: ",IF(Source!G67<>"Новый подраздел", Source!G67, "")) -> Подраздел: Лифты с распашными дверями
A72: =Source!E71 -> 5 | B72: =Source!F71 -> 6.4-0122-12-7 | C72: =Source!G71 -> Техническое обслуживание лифтов грузовых с верхним машинным помещением, с дверями кабины решетчатыми раздвижными типа "боствиг", дверями шахты распашными, г/п 1000 кг, скорость движения кабины 0,5 м/с, ежемесячное, на количество этажей 8 | D72: =Source!H71 -> 1 лифт | E72: =Source!I71 -> 2 | Q72: =ROUND((Source!BZ71/100)*ROUND((Source!AF71*Source!AV71)*Source!I71, 2), 2) -> 726175.03 | R72: =Source!X71 -> 3862.74 | S72: =ROUND((Source!CA71/100)*ROUND((Source!AF71*Source!AV71)*Source!I71, 2), 2) -> 108416.6 | T72: =Source!Y71 -> 576.7 | U72: =ROUND((175/100)*ROUND((Source!AE71*Source!AV71)*Source!I71, 2), 2) -> 0 | V72: =ROUND((108/100)*ROUND(Source!CS71*Source!I71, 2), 2) -> 0
C73: ЗП | F73: =Source!AO71 -> 2685.64 | G73: =Source!DG71 -> )*7 | H73: =Source!AV71 -> 1 | I73: =IF(Source!BA71<> 0, Source!BA71, 1) -> 1 | J73: =Source!S71 -> 37598.96
C74: ЭМ | F74: =Source!AM71 -> 103.67 | G74: =Source!DE71 -> )*7 | H74: =Source!AV71 -> 1 | I74: =IF(Source!BB71<> 0, Source!BB71, 1) -> 1 | J74: =Source!Q71 -> 1451.38
C75: МР | F75: =Source!AL71 -> 342.56 | G75: =Source!DD71 -> )*7 | H75: =Source!AW71 -> 1 | I75: =IF(Source!BC71<> 0, Source!BC71, 1) -> 1 | J75: =Source!P71 -> 4795.84
C76: НР от ЗП | D76: % | E76: =Source!AT71 -> 0 | J76: =SUM(R72:R75) -> 3862.74
C77: СП от ЗП | D77: % | E77: =Source!AU71 -> 0 | J77: =SUM(T72:T76) -> 576.7
C78: ЗТР | D78: чел-ч | E78: =Source!AQ71 -> 10.69 | G78: =Source!DI71 -> )*7 | H78: =Source!AV71 -> 1 | K78: =Source!U71 -> 149.66
I79: =J73+J74+J75+J76+J77 -> 48285.62 | K79: =IF(Source!I71<>0, ROUND(I79/Source!I71, 2), 0) -> 24142.81 | P79: =I79 -> 48285.62
A80: =Source!E72 -> 6 | B80: =Source!F72 -> 6.4-0122-13-7 | C80: =Source!G72 -> Техническое обслуживание лифтов грузовых с верхним машинным помещением, с дверями кабины решетчатыми раздвижными типа "боствиг", дверями шахты распашными, г/п 1000 кг, скорость движения кабины 0,5 м/с, ежеквартальное, на количество этажей 8 | D80: =Source!H72 -> 1 лифт | E80: =Source!I72 -> 2 | Q80: =ROUND((Source!BZ72/100)*ROUND((Source!AF72*Source!AV72)*Source!I72, 2), 2) -> 1715557.7 | R80: =Source!X72 -> 9095.36 | S80: =ROUND((Source!CA72/100)*ROUND((Source!AF72*Source!AV72)*Source!I72, 2), 2) -> 258453.3 | T80: =Source!Y72 -> 1370.24 | U80: =ROUND((175/100)*ROUND((Source!AE72*Source!AV72)*Source!I72, 2), 2) -> 0 | V80: =ROUND((108/100)*ROUND(Source!CS72*Source!I72, 2), 2) -> 0
C81: ЗП | F81: =Source!AO72 -> 6287.3 | G81: =Source!DG72 -> )*3 | H81: =Source!AV72 -> 1 | I81: =IF(Source!BA72<> 0, Source!BA72, 1) -> 1 | J81: =Source!S72 -> 37723.8
C82: ЭМ | F82: =Source!AM72 -> 295.69 | G82: =Source!DE72 -> )*3 | H82: =Source!AV72 -> 1 | I82: =IF(Source!BB72<> 0, Source!BB72, 1) -> 1 | J82: =Source!Q72 -> 1774.14
C83: МР | F83: =Source!AL72 -> 472.03 | G83: =Source!DD72 -> )*3 | H83: =Source!AW72 -> 1 | I83: =IF(Source!BC72<> 0, Source!BC72, 1) -> 1 | J83: =Source!P72 -> 2832.18
C84: НР от ЗП | D84: % | E84: =Source!AT72 -> 0 | J84: =SUM(R80:R83) -> 9095.36
C85: СП от ЗП | D85: % | E85: =Source!AU72 -> 0 | J85: =SUM(T80:T84) -> 1370.24
C86: ЗТР | D86: чел-ч | E86: =Source!AQ72 -> 24.98 | G86: =Source!DI72 -> )*3 | H86: =Source!AV72 -> 1 | K86: =Source!U72 -> 149.88
I87: =J81+J82+J83+J84+J85 -> 52795.72 | K87: =IF(Source!I72<>0, ROUND(I87/Source!I72, 2), 0) -> 26397.86 | P87: =I87 -> 52795.72
A88: =Source!E73 -> 7 | B88: =Source!F73 -> 6.4-0122-14-7 | C88: =Source!G73 -> Техническое обслуживание лифтов грузовых с верхним машинным помещением, с дверями кабины решетчатыми раздвижными типа "боствиг", дверями шахты распашными, г/п 1000 кг, скорость движения кабины 0,5 м/с, полугодовое, на количество этажей 8 | D88: =Source!H73 -> 1 лифт | E88: =Source!I73 -> 2 | Q88: =ROUND((Source!BZ73/100)*ROUND((Source!AF73*Source!AV73)*Source!I73, 2), 2) -> 1201763.5 | R88: =Source!X73 -> 13183.78 | S88: =ROUND((Source!CA73/100)*ROUND((Source!AF73*Source!AV73)*Source!I73, 2), 2) -> 180985.83 | T88: =Source!Y73 -> 1985.48 | U88: =ROUND((175/100)*ROUND((Source!AE73*Source!AV73)*Source!I73, 2), 2) -> 0 | V88: =ROUND((108/100)*ROUND(Source!CS73*Source!I73, 2), 2) -> 0
C89: ЗП | F89: =Source!AO73 -> 9115.47 | G89: =Source!DG73 | H89: =Source!AV73 -> 1 | I89: =IF(Source!BA73<> 0, Source!BA73, 1) -> 1 | J89: =Source!S73 -> 18230.94
C90: ЭМ | F90: =Source!AM73 -> 425.77 | G90: =Source!DE73 | H90: =Source!AV73 -> 1 | I90: =IF(Source!BB73<> 0, Source!BB73, 1) -> 1 | J90: =Source!Q73 -> 851.54
C91: МР | F91: =Source!AL73 -> 1365.67 | G91: =Source!DD73 | H91: =Source!AW73 -> 1 | I91: =IF(Source!BC73<> 0, Source!BC73, 1) -> 1 | J91: =Source!P73 -> 2731.34
C92: НР от ЗП | D92: % | E92: =Source!AT73 -> 0 | J92: =SUM(R88:R91) -> 13183.78
C93: СП от ЗП | D93: % | E93: =Source!AU73 -> 0 | J93: =SUM(T88:T92) -> 1985.48
C94: ЗТР | D94: чел-ч | E94: =Source!AQ73 -> 36.2 | G94: =Source!DI73 | H94: =Source!AV73 -> 1 | K94: =Source!U73 -> 72.4
I95: =J89+J90+J91+J92+J93 -> 36983.08 | K95: =IF(Source!I73<>0, ROUND(I95/Source!I73, 2), 0) -> 18491.54 | P95: =I95 -> 36983.08
A96: =Source!E74 -> 8 | B96: =Source!F74 -> 6.4-0122-15-7 | C96: =Source!G74 -> Техническое обслуживание лифтов грузовых с верхним машинным помещением, с дверями кабины решетчатыми раздвижными типа "боствиг", дверями шахты распашными, г/п 1000 кг, скорость движения кабины 0,5 м/с, годовое, на количество этажей 8 | D96: =Source!H74 -> 1 лифт | E96: =Source!I74 -> 2 | Q96: =ROUND((Source!BZ74/100)*ROUND((Source!AF74*Source!AV74)*Source!I74, 2), 2) -> 2370341.1 | R96: =Source!X74 -> 18492.04 | S96: =ROUND((Source!CA74/100)*ROUND((Source!AF74*Source!AV74)*Source!I74, 2), 2) -> 355560.65 | T96: =Source!Y74 -> 2773.88 | U96: =ROUND((175/100)*ROUND((Source!AE74*Source!AV74)*Source!I74, 2), 2) -> 0 | V96: =ROUND((108/100)*ROUND(Source!CS74*Source!I74, 2), 2) -> 0
C97: ЗП | F97: =Source!AO74 -> 12818.17 | G97: =Source!DG74 | H97: =Source!AV74 -> 1 | I97: =IF(Source!BA74<> 0, Source!BA74, 1) -> 1 | J97: =Source!S74 -> 25636.34
C98: ЭМ | F98: =Source!AM74 -> 551.28 | G98: =Source!DE74 | H98: =Source!AV74 -> 1 | I98: =IF(Source!BB74<> 0, Source!BB74, 1) -> 1 | J98: =Source!Q74 -> 1102.56
C99: МР | F99: =Source!AL74 -> 1557.25 | G99: =Source!DD74 | H99: =Source!AW74 -> 1 | I99: =IF(Source!BC74<> 0, Source!BC74, 1) -> 1 | J99: =Source!P74 -> 3114.5
C100: НР от ЗП | D100: % | E100: =Source!AT74 -> 0 | J100: =SUM(R96:R99) -> 18492.04
C101: СП от ЗП | D101: % | E101: =Source!AU74 -> 0 | J101: =SUM(T96:T100) -> 2773.88
C102: ЗТР | D102: чел-ч | E102: =Source!AQ74 -> 50.86 | G102: =Source!DI74 | H102: =Source!AV74 -> 1 | K102: =Source!U74 -> 101.72
I103: =J97+J98+J99+J100+J101 -> 51119.32 | K103: =IF(Source!I74<>0, ROUND(I103/Source!I74, 2), 0) -> 25559.66 | P103: =I103 -> 51119.32
A105: =CONCATENATE("Итого по подразделу: ",IF(Source!G76<>"Новый подраздел", Source!G76, "")) -> Итого по подразделу: Лифты с распашными дверями | I105: =SUM(P71:P104) -> 189183.74
A108: =CONCATENATE("Итого по разделу: ",IF(Source!G106<>"Новый раздел", Source!G106, "")) -> Итого по разделу: ТО лифтов 8 этажей | I108: =SUM(P32:P107) -> 1899416.7
A111: =CONCATENATE("Раздел: ",IF(Source!G136<>"Новый раздел", Source!G136, "")) -> Раздел: ТО лифтов 7 этажей
A112: =Source!E140 -> 9 | B112: =Source!F140 -> 6.4-0122-1-5 | C112: =Source!G140 -> Техническое обслуживание лифтов пассажирских с верхним машинным помещением, с раздвижными автоматическими дверями, грузоподъемность 1000 кг, скорость движения кабины 1 м/с, ежемесячное, на количество этажей 7 | D112: =Source!H140 -> 1 лифт | E112: =Source!I140 -> 5 | Q112: =ROUND((Source!BZ140/100)*ROUND((Source!AF140*Source!AV140)*Source!I140, 2), 2) -> 7285616.5 | R112: =Source!X140 -> 19861.2 | S112: =ROUND((Source!CA140/100)*ROUND((Source!AF140*Source!AV140)*Source!I140, 2), 2) -> 1175624.2 | T112: =Source!Y140 -> 3204.85 | U112: =ROUND((175/100)*ROUND((Source!AE140*Source!AV140)*Source!I140, 2), 2) -> 0 | V112: =ROUND((108/100)*ROUND(Source!CS140*Source!I140, 2), 2) -> 0
C113: ЗП | F113: =Source!AO140 -> 5240.38 | G113: =Source!DG140 -> )*7 | H113: =Source!AV140 -> 1 | I113: =IF(Source!BA140<> 0, Source!BA140, 1) -> 1 | J113: =Source!S140 -> 183413.3
C114: ЭМ | F114: =Source!AM140 -> 613.25 | G114: =Source!DE140 -> )*7 | H114: =Source!AV140 -> 1 | I114: =IF(Source!BB140<> 0, Source!BB140, 1) -> 1 | J114: =Source!Q140 -> 21463.75
C115: МР | F115: =Source!AL140 -> 316.71 | G115: =Source!DD140 -> )*7 | H115: =Source!AW140 -> 1 | I115: =IF(Source!BC140<> 0, Source!BC140, 1) -> 1 | J115: =Source!P140 -> 11084.85
C116: НР от ЗП | D116: % | E116: =Source!AT140 -> 0 | J116: =SUM(R112:R115) -> 19861.2
C117: СП от ЗП | D117: % | E117: =Source!AU140 -> 0 | J117: =SUM(T112:T116) -> 3204.85
C118: ЗТР | D118: чел-ч | E118: =Source!AQ140 -> 20.83 | G118: =Source!DI140 -> )*7 | H118: =Source!AV140 -> 1 | K118: =Source!U140 -> 729.05
...

Sheet Source
A1: 0 | B1: Smeta.RU (495) 974-1589 | D1: _PS_ | F1: 0 | G1: 0 | H1: 0 | I1: Smeta.RU | K1: 0 | L1: 29412 | M1: 10 | N1: 11 | O1: 0 | P1: 1 | Q1: 6
A12: 1 | B12: 465 | C12: 0 | D12: =ROW(A432) -> 432 | E12: 0 | F12: Новый объект | G12: Оказание услуг по круглосуточному обслуживанию и текущему ремонту лифтового оборудования ГБУЗ "ГКБ № 29 им. Н.Э. Баумана" | I12: 0 | K12: 0 | O12: 0 | P12: 0 | Q12: 0 | R12: 108 | V12: 0 | BH12: Сметные нормы списания | BI12: Коды ОКП для СН-2012 - 2020 г. | BJ12: 1 | BK12: 1 | BL12: 0 | BM12: 0 | BN12: 1 | BO12: 0 | BP12: 6 | BQ12: 2 | BR12: 1 | BS12: 1 | BT12: 0 | BU12: 0 | BV12: 0 | BW12: 0 | BX12: 0 | BY12: СН-2012 - 2020 г_глава_1-5,7 | BZ12: Типовой расчет для СН-2012 - 2020 г | CA12: СН-2012-2020 г. База данных "Сборник стоимостных нормативов" | CB12: СН-2012-2020 г. База данных "Сборник стоимостных нормативов" | CC12: СН-2012-2020 г. База данных "Сборник стоимостных нормативов" | CD12: СН-2012-2020 г. База данных "Сборник стоимостных нормативов" | CE12: Поправки для СН-2012-2020 в ценах на 01.10.2019 г доп.2 | CF12: 0 | CG12: 0 | CH12: 8 | CK12: 3 | EC12: 0
A15: 15 | B15: 1
A18: 52 | B18: =B432 -> 465 | C18: =C432 -> 1 | D18: =D432 -> 12 | E18: =E432 -> 0 | F18: =F432 -> Новый объект | G18: =G432 -> Оказание услуг по круглосуточному обслуживанию и текущему ремонту лифтового оборудования ГБУЗ "ГКБ № 29 им. Н.Э. Баумана" | O18: =O432 -> 3261759.3 | P18: =P432 -> 229069.3 | Q18: =Q432 -> 294946.3 | R18: =R432 -> 0 | S18: =S432 -> 2737743.7 | T18: =T432 -> 0 | U18: =U432 -> 10400.78 | V18: =V432 -> 0 | ... GX18: =GX432 -> 0
A20: 3 | B20: 1 | D20: =ROW(A402) -> 402 | F20: Новая локальная смета | G20: Новая локальная смета | I20: 0 | K20: 0 | V20: 0 | BX20: 0 | CF20: 0 | CG20: 0
A22: 52 | B22: =B402 -> 1 | C22: =C402 -> 3 | D22: =D402 -> 20 | E22: =E402 -> 0 | F22: =F402 -> Новая локальная смета | G22: =G402 -> Новая локальная смета | O22: =O402 -> 3261759.3 | P22: =P402 -> 229069.3 | Q22: =Q402 -> 294946.3 | R22: =R402 -> 0 | S22: =S402 -> 2737743.7 | T22: =T402 -> 0 | U22: =U402 -> 10400.78 | V22: =V402 -> 0 | ... GX22: =GX402 -> 0
A24: 4 | B24: 1 | D24: =ROW(A106) -> 106 | F24: Новый раздел | G24: ТО лифтов 8 этажей | I24: 0 | K24: 0 | V24: 0 | BX24: 0 | CJ24: 0
A26: 52 | B26: =B106 -> 1 | C26: =C106 -> 4 | D26: =D106 -> 24 | E26: =E106 -> 0 | F26: =F106 -> Новый раздел | G26: =G106 -> ТО лифтов 8 этажей | O26: =O106 -> 1393551 | P26: =P106 -> 108936.95 | Q26: =Q106 -> 136458.39 | R26: =R106 -> 0 | S26: =S106 -> 1148155.6 | T26: =T106 -> 0 | U26: =U106 -> 4491.17 | V26: =V106 -> 0 | ... GX26: =GX106 -> 0
A28: 5 | B28: 1 | D28: =ROW(A37) -> 37 | F28: Новый подраздел | G28: Лифты с автоматическими дверями | I28: 0 | K28: -1 | V28: 0 | BX28: 0 | CJ28: 0
A30: 52 | B30: =B37 -> 1 | C30: =C37 -> 5 | D30: =D37 -> 28 | E30: =E37 -> 0 | F30: =F37 -> Новый подраздел | G30: =G37 -> Лифты с автоматическими дверями | O30: =O37 -> 1255707.4 | P30: =P37 -> 95463.09 | Q30: =Q37 -> 131278.77 | R30: =R37 -> 0 | S30: =S37 -> 1028965.6 | T30: =T37 -> 0 | U30: =U37 -> 4017.51 | V30: =V37 -> 0 | ... GX30: =GX37 -> 0
A32: 17 | B32: 1 | C32: =ROW(SmtRes!A1) -> 1 | D32: =ROW(EtalonRes!A1) -> 1 | E32: 1 | F32: 6.4-0122-1-6 | G32: Техническое обслуживание лифтов пассажирских с верхним машинным помещением, с раздвижными автоматическими дверями, грузоподъемность 1000 кг, скорость движения кабины 1 м/с, ежемесячное, на количество этажей 8 | H32: 1 лифт | I32: 9 | J32: 0 | O32: =ROUND(CP32,2) -> 416644.2 | P32: =ROUND(CQ32*I32,2) -> 22497.93 | Q32: =ROUND(CR32*I32,2) -> 40585.86 | R32: =ROUND(CS32*I32,2) -> 0 | S32: =ROUND(CT32*I32,2) -> 353560.41 | T32: =ROUND(CU32*I32,2) -> 0 | U32: =CV32*I32 -> 1405.53 | V32: =CW32*I32 -> 0 | W32: =ROUND(CX32*I32,2) -> 0 | X32: =ROUND(CY32*I32,2) -> 38229.75 | Y32: =ROUND(CZ32*I32,2) -> 6156.18 | AA32: 64312874 | AB32: =ROUND((AC32+AD32+AF32),6) -> 46293.8 | AC32: =ROUND(((ES32*7)),6) -> 2499.77 | AD32: =ROUND(((((ET32*7))-((EU32*7)))+AE32),6) -> 4509.54 | AE32: =ROUND(((EU32*7)),6) -> 0 | AF32: =ROUND(((EV32*7)),6) -> 39284.49 | AG32: =ROUND((AP32),6) -> 0 | AH32: =((EW32*7)) -> 156.17 | AI32: =((EX32*7)) -> 0 | AJ32: =(AS32) -> 0 | AK32: 6613.4 | AL32: 357.11 | AM32: 644.22 | AN32: 0 | AO32: 5612.07 | AP32: 0 | AQ32: 22.31 | AR32: 0 | AS32: 0 | AT32: 0 | AU32: 0 | AV32: 1 | AW32: 1 | AZ32: 1 | BA32: 1 | BB32: 1 | BC32: 1 | BH32: 0 | BI32: 4 | BJ32: СН-2012-2020.6. Доп.3. Сб.4-0122-1-6 | BM32: 6000 | BN32: 0 | BP32: 0 | BQ32: 1 | BR32: 0 | BS32: 1 | BT32: 1 | BU32: 1 | BV32: 1 | BW32: 1 | BX32: 1 | BZ32: 4247.75 | CA32: 684.02 | CE32: 0 | CF32: 0 | CG32: 0 | CM32: 0 | CO32: 0 | CP32: =(P32+Q32+S32) -> 416644.2 | CQ32: =(AC32*BC32*AW32) -> 2499.77 | CR32: =(((((ET32*7))*BB32-((EU32*7))*BS32)+AE32*BS32)*AV32) -> 4509.54 | CS32: =(AE32*BS32*AV32) -> 0 | CT32: =(AF32*BA32*AV32) -> 39284.49 | CU32: =AG32 -> 0 | CV32: =(AH32*AV32) -> 156.17 | CW32: =AI32 -> 0 | CX32: =AJ32 -> 0 | CY32: =FX32 -> 4247.75 | CZ32: =FY32 -> 684.02 | DD32: )*7 | DE32: )*7 | DF32: )*7 | DG32: )*7 | DI32: )*7 | DJ32: )*7 | DN32: 0 | DO32: 0 | DP32: 1 | DQ32: 1 | DU32: 1013 | DV32: 1 лифт | DW32: 1 лифт | DX32: 1 | EE32: 64176908 | EF32: 1 | EG32: СН-2012 | EH32: 0 | EJ32: 4 | EK32: 6000 | EL32: Укрупненка, глава 6 | EM32: работа | EQ32: 65536 | ER32: 6613.4 | ES32: 357.11 | ET32: 644.22 | EU32: 0 | EV32: 5612.07 | EW32: 22.31 | EX32: 0 | EY32: 0 | FQ32: 0 | FR32: =ROUND(IF(AND(BH32=3,BI32=3),P32,0),2) -> 0 | FS32: 0 | FX32: 4247.75 | FY32: 684.02 | GD32: 1 | GF32: 1686057452 | GG32: 2 | GH32: 1 | GI32: -2 | GJ32: 0 | GK32: 0 | GL32: =ROUND(IF(AND(BH32=3,BI32=3,FS32<>0),P32,0),2) -> 0 | GM32: =ROUND(O32+X32+Y32,2)+GX32 -> 461030.13 | GN32: =IF(OR(BI32=0,BI32=1),ROUND(O32+X32+Y32,2),0) -> 0 | GO32: =IF(BI32=2,ROUND(O32+X32+Y32,2),0) -> 0 | GP32: =IF(BI32=4,ROUND(O32+X32+Y32,2)+GX32,0) -> 461030.13 | GR32: 0 | GS32: 3 | GT32: 0 | GV32: =ROUND((GT32),6) -> 0 | GW32: 1 | GX32: =ROUND(HC32*I32,2) -> 0 | HA32: 0 | HB32: 0 | HC32: =GV32*GW32 -> 0 | IK32: 0
A33: 17 | B33: 1 | C33: =ROW(SmtRes!A2) -> 2 | D33: =ROW(EtalonRes!A2) -> 2 | E33: 2 | F33: 6.4-0122-2-6 | G33: Техническое обслуживание лифтов пассажирских с верхним машинным помещением, с раздвижными автоматическими дверями, грузоподъемность 1000 кг, скорость движения кабины 1 м/с, ежеквартальное, на количество этажей 8 | H33: 1 лифт | I33: 9 | J33: 0 | O33: =ROUND(CP33,2) -> 396129.96 | P33: =ROUND(CQ33*I33,2) -> 29166.21 | Q33: =ROUND(CR33*I33,2) -> 43317.99 | R33: =ROUND(CS33*I33,2) -> 0 | S33: =ROUND(CT33*I33,2) -> 323645.76 | T33: =ROUND(CU33*I33,2) -> 0 | U33: =CV33*I33 -> 1249.29 | V33: =CW33*I33 -> 0 | W33: =ROUND(CX33*I33,2) -> 0 | X33: =ROUND(CY33*I33,2) -> 82674.63 | Y33: =ROUND(CZ33*I33,2) -> 13541.04 | AA33: 64312874 | AB33: =ROUND((AC33+AD33+AF33),6) -> 44014.44 | AC33: =ROUND(((ES33*3)),6) -> 3240.69 | AD33: =ROUND(((((ET33*3))-((EU33*3)))+AE33),6) -> 4813.11 | AE33: =ROUND(((EU33*3)),6) -> 0 | AF33: =ROUND(((EV33*3)),6) -> 35960.64 | AG33: =ROUND((AP33),6) -> 0 | AH33: =((EW33*3)) -> 138.81 | AI33: =((EX33*3)) -> 0 | AJ33: =(AS33) -> 0 | AK33: 14671.48 | AL33: 1080.23 | AM33: 1604.37 | AN33: 0 | AO33: 11986.88 | AP33: 0 | AQ33: 46.27 | AR33: 0 | AS33: 0 | AT33: 0 | AU33: 0 | AV33: 1 | AW33: 1 | AZ33: 1 | BA33: 1 | BB33: 1 | BC33: 1 | BH33: 0 | BI33: 4 | BJ33: СН-2012-2020.6. Доп.3. Сб.4-0122-2-6 | BM33: 6000 | BN33: 0 | BP33: 0 | BQ33: 1 | BR33: 0 | BS33: 1 | BT33: 1 | BU33: 1 | BV33: 1 | BW33: 1 | BX33: 1 | BZ33: 9186.07 | CA33: 1504.56 | CE33: 0 | CF33: 0 | CG33: 0 | CM33: 0 | CO33: 0 | CP33: =(P33+Q33+S33) -> 396129.96 | CQ33: =(AC33*BC33*AW33) -> 3240.69 | CR33: =(((((ET33*3))*BB33-((EU33*3))*BS33)+AE33*BS33)*AV33) -> 4813.11 | CS33: =(AE33*BS33*AV33) -> 0 | CT33: =(AF33*BA33*AV33) -> 35960.64 | CU33: =AG33 -> 0 | CV33: =(AH33*AV33) -> 138.81 | CW33: =AI33 -> 0 | CX33: =AJ33 -> 0 | CY33: =FX33 -> 9186.07 | CZ33: =FY33 -> 1504.56 | DD33: )*3 | DE33: )*3 | DF33: )*3 | DG33: )*3 | DI33: )*3 | DJ33: )*3 | DN33: 0 | DO33: 0 | DP33: 1 | DQ33: 1 | DU33: 1013 | DV33: 1 лифт | DW33: 1 лифт | DX33: 1 | EE33: 64176908 | EF33: 1 | EG33: СН-2012 | EH33: 0 | EJ33: 4 | EK33: 6000 | EL33: Укрупненка, глава 6 | EM33: работа | EQ33: 65536 | ER33: 14671.48 | ES33: 1080.23 | ET33: 1604.37 | EU33: 0 | EV33: 11986.88 | EW33: 46.27 | EX33: 0 | EY33: 0 | FQ33: 0 | FR33: =ROUND(IF(AND(BH33=3,BI33=3),P33,0),2) -> 0 | FS33: 0 | FX33: 9186.07 | FY33: 1504.56 | GD33: 1 | GF33: 1118188767 | GG33: 2 | GH33: 1 | GI33: -2 | GJ33: 0 | GK33: 0 | GL33: =ROUND(IF(AND(BH33=3,BI33=3,FS33<>0),P33,0),2) -> 0 | GM33: =ROUND(O33+X33+Y33,2)+GX33 -> 492345.63 | GN33: =IF(OR(BI33=0,BI33=1),ROUND(O33+X33+Y33,2),0) -> 0 | GO33: =IF(BI33=2,ROUND(O33+X33+Y33,2),0) -> 0 | GP33: =IF(BI33=4,ROUND(O33+X33+Y33,2)+GX33,0) -> 492345.63 | GR33: 0 | GS33: 0 | GT33: 0 | GV33: =ROUND((GT33),6) -> 0 | GW33: 1 | GX33: =ROUND(HC33*I33,2) -> 0 | HA33: 0 | HB33: 0 | HC33: =GV33*GW33 -> 0 | IK33: 0
A34: 17 | B34: 1 | C34: =ROW(SmtRes!A3) -> 3 | D34: =ROW(EtalonRes!A3) -> 3 | E34: 3 | F34: 6.4-0122-3-6 | G34: Техническое обслуживание лифтов пассажирских с верхним машинным помещением, с раздвижными автоматическими дверями, грузоподъемность 1000 кг, скорость движения кабины 1 м/с, полугодовое, на количество этажей 8 | H34: 1 лифт | I34: 9 | J34: 0 | O34: =ROUND(CP34,2) -> 187472.97 | P34: =ROUND(CQ34*I34,2) -> 21068.37 | Q34: =ROUND(CR34*I34,2) -> 20013.57 | R34: =ROUND(CS34*I34,2) -> 0 | S34: =ROUND(CT34*I34,2) -> 146391.03 | T34: =ROUND(CU34*I34,2) -> 0 | U34: =CV34*I34 -> 564.57 | V34: =CW34*I34 -> 0 | W34: =ROUND(CX34*I34,2) -> 0 | X34: =ROUND(CY34*I34,2) -> 112394.97 | Y34: =ROUND(CZ34*I34,2) -> 18454.95 | AA34: 64312874 | AB34: =ROUND((AC34+AD34+AF34),6) -> 20830.33 | AC34: =ROUND((ES34),6) -> 2340.93 | AD34: =ROUND((((ET34)-(EU34))+AE34),6) -> 2223.73 | AE34: =ROUND((EU34),6) -> 0 | AF34: =ROUND((EV34),6) -> 16265.67 | AG34: =ROUND((AP34),6) -> 0 | AH34: =(EW34) -> 62.73 | AI34: =(EX34) -> 0 | AJ34: =(AS34) -> 0 | AK34: 20830.33 | AL34: 2340.93 | AM34: 2223.73 | AN34: 0 | AO34: 16265.67 | AP34: 0 | AQ34: 62.73 | AR34: 0 | AS34: 0 | AT34: 0 | AU34: 0 | AV34: 1 | AW34: 1 | AZ34: 1 | BA34: 1 | BB34: 1 | BC34: 1 | BH34: 0 | BI34: 4 | BJ34: СН-2012-2020.6. Доп.3. Сб.4-0122-3-6 | BM34: 6000 | BN34: 0 | BP34: 0 | BQ34: 1 | BR34: 0 | BS34: 1 | BT34: 1 | BU34: 1 | BV34: 1 | BW34: 1 | BX34: 1 | BZ34: 12488.33 | CA34: 2050.55 | CE34: 0 | CF34: 0 | CG34: 0 | CM34: 0 | CO34: 0 | CP34: =(P34+Q34+S34) -> 187472.97 | CQ34: =(AC34*BC34*AW34) -> 2340.93 | CR34: =((((ET34)*BB34-(EU34)*BS34)+AE34*BS34)*AV34) -> 2223.73 | CS34: =(AE34*BS34*AV34) -> 0 | CT34: =(AF34*BA34*AV34) -> 16265.67 | CU34: =AG34 -> 0 | CV34: =(AH34*AV34) -> 62.73 | CW34: =AI34 -> 0 | CX34: =AJ34 -> 0 | CY34: =FX34 -> 12488.33 | CZ34: =FY34 -> 2050.55 | DN34: 0 | DO34: 0 | DP34: 1 | DQ34: 1 | DU34: 1013 | DV34: 1 лифт | DW34: 1 лифт | DX34: 1 | EE34: 64176908 | EF34: 1 | EG34: СН-2012 | EH34: 0 | EJ34: 4 | EK34: 6000 | EL34: Укрупненка, глава 6 | EM34: работа | EQ34: 65536 | ER34: 20830.33 | ES34: 2340.93 | ET34: 2223.73 | EU34: 0 | EV34: 16265.67 | EW34: 62.73 | EX34: 0 | EY34: 0 | FQ34: 0 | FR34: =ROUND(IF(AND(BH34=3,BI34=3),P34,0),2) -> 0 | FS34: 0 | FX34: 12488.33 | FY34: 2050.55 | GD34: 1 | GF34: -2086712641 | GG34: 2 | GH34: 1 | GI34: -2 | GJ34: 0 | GK34: 0 | GL34: =ROUND(IF(AND(BH34=3,BI34=3,FS34<>0),P34,0),2) -> 0 | GM34: =ROUND(O34+X34+Y34,2)+GX34 -> 318322.89 | GN34: =IF(OR(BI34=0,BI34=1),ROUND(O34+X34+Y34,2),0) -> 0 | GO34: =IF(BI34=2,ROUND(O34+X34+Y34,2),0) -> 0 | GP34: =IF(BI34=4,ROUND(O34+X34+Y34,2)+GX34,0) -> 318322.89 | GR34: 0 | GS34: 0 | GT34: 0 | GV34: =ROUND((GT34),6) -> 0 | GW34: 1 | GX34: =ROUND(HC34*I34,2) -> 0 | HA34: 0 | HB34: 0 | HC34: =GV34*GW34 -> 0 | IK34: 0
A35: 17 | B35: 1 | C35: =ROW(SmtRes!A4) -> 4 | D35: =ROW(EtalonRes!A4) -> 4 | E35: 4 | F35: 6.4-0122-4-6 | G35: Техническое обслуживание лифтов пассажирских с верхним машинным помещением, с раздвижными автоматическими дверями, грузоподъемность 1000 кг, скорость движения кабины 1 м/с, годовое, на количество этажей 8 | H35: 1 лифт | I35: 9 | J35: 0 | O35: =ROUND(CP35,2) -> 255460.32 | P35: =ROUND(CQ35*I35,2) -> 22730.58 | Q35: =ROUND(CR35*I35,2) -> 27361.35 | R35: =ROUND(CS35*I35,2) -> 0 | S35: =ROUND(CT35*I35,2) -> 205368.39 | T35: =ROUND(CU35*I35,2) -> 0 | U35: =CV35*I35 -> 798.12 | V35: =CW35*I35 -> 0 | W35: =ROUND(CX35*I35,2) -> 0 | X35: =ROUND(CY35*I35,2) -> 157320.54 | Y35: =ROUND(CZ35*I35,2) -> 25753.41 | AA35: 64312874 | AB35: =ROUND((AC35+AD35+AF35),6) -> 28384.48 | AC35: =ROUND((ES35),6) -> 2525.62 | AD35: =ROUND((((ET35)-(EU35))+AE35),6) -> 3040.15 | AE35: =ROUND((EU35),6) -> 0 | AF35: =ROUND((EV35),6) -> 22818.71 | AG35: =ROUND((AP35),6) -> 0 | AH35: =(EW35) -> 88.68 | AI35: =(EX35) -> 0 | AJ35: =(AS35) -> 0 | AK35: 28384.48 | AL35: 2525.62 | AM35: 3040.15 | AN35: 0 | AO35: 22818.71 | AP35: 0 | AQ35: 88.68 | AR35: 0 | AS35: 0 | AT35: 0 | AU35: 0 | AV35: 1 | AW35: 1 | AZ35: 1 | BA35: 1 | BB35: 1 | BC35: 1 | BH35: 0 | BI35: 4 | BJ35: СН-2012-2020.6. Доп.3. Сб.4-0122-4-6 | BM35: 6000 | BN35: 0 | BP35: 0 | BQ35: 1 | BR35: 0 | BS35: 1 | BT35: 1 | BU35: 1 | BV35: 1 | BW35: 1 | BX35: 1 | BZ35: 17480.06 | CA35: 2861.49 | CE35: 0 | CF35: 0 | CG35: 0 | CM35: 0 | CO35: 0 | CP35: =(P35+Q35+S35) -> 255460.32 | CQ35: =(AC35*BC35*AW35) -> 2525.62 | CR35: =((((ET35)*BB35-(EU35)*BS35)+AE35*BS35)*AV35) -> 3040.15 | CS35: =(AE35*BS35*AV35) -> 0 | CT35: =(AF35*BA35*AV35) -> 22818.71 | CU35: =AG35 -> 0 | CV35: =(AH35*AV35) -> 88.68 | CW35: =AI35 -> 0 | CX35: =AJ35 -> 0 | CY35: =FX35 -> 17480.06 | CZ35: =FY35 -> 2861.49 | DN35: 0 | DO35: 0 | DP35: 1 | DQ35: 1 | DU35: 1013 | DV35: 1 лифт | DW35: 1 лифт | DX35: 1 | EE35: 64176908 | EF35: 1 | EG35: СН-2012 | EH35: 0 | EJ35: 4 | EK35: 6000 | EL35: Укрупненка, глава 6 | EM35: работа | EQ35: 65536 | ER35: 28384.48 | ES35: 2525.62 | ET35: 3040.15 | EU35: 0 | EV35: 22818.71 | EW35: 88.68 | EX35: 0 | EY35: 0 | FQ35: 0 | FR35: =ROUND(IF(AND(BH35=3,BI35=3),P35,0),2) -> 0 | FS35: 0 | FX35: 17480.06 | FY35: 2861.49 | GD35: 1 | GF35: -1621577679 | GG35: 2 | GH35: 1 | GI35: -2 | GJ35: 0 | GK35: 0 | GL35: =ROUND(IF(AND(BH35=3,BI35=3,FS35<>0),P35,0),2) -> 0 | GM35: =ROUND(O35+X35+Y35,2)+GX35 -> 438534.27 | GN35: =IF(OR(BI35=0,BI35=1),ROUND(O35+X35+Y35,2),0) -> 0 | GO35: =IF(BI35=2,ROUND(O35+X35+Y35,2),0) -> 0 | GP35: =IF(BI35=4,ROUND(O35+X35+Y35,2)+GX35,0) -> 438534.27 | GR35: 0 | GS35: 0 | GT35: 0 | GV35: =ROUND((GT35),6) -> 0 | GW35: 1 | GX35: =ROUND(HC35*I35,2) -> 0 | HA35: 0 | HB35: 0 | HC35: =GV35*GW35 -> 0 | IK35: 0
A37: 51 | B37: =B28 -> 1 | C37: =A28 -> 5 | D37: =ROW(A28) -> 28 | F37: =IF(F28<>"",F28,"") -> Новый подраздел | G37: =IF(G28<>"",G28,"") -> Лифты с автоматическими дверями | H37: 0 | O37: =ROUND(AB37,2) -> 1255707.4 | P37: =ROUND(AC37,2) -> 95463.09 | Q37: =ROUND(AD37,2) -> 131278.77 | R37: =ROUND(AE37,2) -> 0 | S37: =ROUND(AF37,2) -> 1028965.6 | T37: =ROUND(AG37,2) -> 0 | U37: =AH37 -> 4017.51 | V37: =AI37 -> 0 | W37: =ROUND(AJ37,2) -> 0 | X37: =ROUND(AK37,2) -> 390619.89 | Y37: =ROUND(AL37,2) -> 63905.58 | AB37: =ROUND(SUMIF(AA32:AA35,"=64312874",O32:O35),2) -> 1255707.4 | AC37: =ROUND(SUMIF(AA32:AA35,"=64312874",P32:P35),2) -> 95463.09 | AD37: =ROUND(SUMIF(AA32:AA35,"=64312874",Q32:Q35),2) -> 131278.77 | AE37: =ROUND(SUMIF(AA32:AA35,"=64312874",R32:R35),2) -> 0 | AF37: =ROUND(SUMIF(AA32:AA35,"=64312874",S32:S35),2) -> 1028965.6 | AG37: =ROUND(SUMIF(AA32:AA35,"=64312874",T32:T35),2) -> 0 | AH37: =SUMIF(AA32:AA35,"=64312874",U32:U35) -> 4017.51 | AI37: =SUMIF(AA32:AA35,"=64312874",V32:V35) -> 0 | AJ37: =ROUND(SUMIF(AA32:AA35,"=64312874",W32:W35),2) -> 0 | AK37: =ROUND(SUMIF(AA32:AA35,"=64312874",X32:X35),2) -> 390619.89 | AL37: =ROUND(SUMIF(AA32:AA35,"=64312874",Y32:Y35),2) -> 63905.58 | AO37: =ROUND(BX37,2) -> 0 | AP37: =ROUND(BY37,2) -> 0 | AQ37: =ROUND(BZ37,2) -> 0 | AR37: =ROUND(CA37,2) -> 1710232.9 | AS37: =ROUND(CB37,2) -> 0 | AT37: =ROUND(CC37,2) -> 0 | AU37: =ROUND(CD37,2) -> 1710232.9 | AV37: =ROUND(CE37,2) -> 95463.09 | ... BD37: =ROUND(CM37,2) -> 0 | BX37: =ROUND(SUMIF(AA32:AA35,"=64312874",FQ32:FQ35),2) -> 0 | BY37: =ROUND(SUMIF(AA32:AA35,"=64312874",FR32:FR35),2) -> 0 | BZ37: =ROUND(SUMIF(AA32:AA35,"=64312874",GL32:GL35),2) -> 0 | CA37: =ROUND(SUMIF(AA32:AA35,"=64312874",GM32:GM35),2) -> 1710232.9 | CB37: =ROUND(SUMIF(AA32:AA35,"=64312874",GN32:GN35),2) -> 0 | CC37: =ROUND(SUMIF(AA32:AA35,"=64312874",GO32:GO35),2) -> 0 | CD37: =ROUND(SUMIF(AA32:AA35,"=64312874",GP32:GP35),2) -> 1710232.9 | CE37: =AC37-BX37 -> 95463.09 | CF37: =AC37-BY37 -> 95463.09 | CG37: =BX37-BZ37 -> 0 | CH37: =AC37-BX37-BY37+BZ37 -> 95463.09 | CI37: =BY37-BZ37 -> 0 | CJ37: =ROUND(SUMIF(AA32:AA35,"=64312874",GX32:GX35),2) -> 0 | CK37: =ROUND(SUMIF(AA32:AA35,"=64312874",GY32:GY35),2) -> 0 | CL37: =ROUND(SUMIF(AA32:AA35,"=64312874",GZ32:GZ35),2) -> 0 | CM37: =ROUND(SUMIF(AA32:AA35,"=64312874",HD32:HD35),2) -> 0 | GX37: 0
A39: 50 | B39: 0 | C39: 0 | D39: 1 | E39: 201 | F39: =ROUND(Source!O37,O39) -> 1255707.4 | G39: ПЗ | H39: Прямые затраты | K39: 201 | L39: 1 | M39: 3 | O39: 2
A40: 50 | B40: 0 | C40: 0 | D40: 1 | E40: 202 | F40: =ROUND(Source!P37,O40) -> 95463.09 | G40: СтМатОб | H40: Стоимость материальных ресурсов (всего) | K40: 202 | L40: 2 | M40: 3 | O40: 2
A41: 50 | B41: 0 | C41: 0 | D41: 1 | E41: 222 | F41: =ROUND(Source!AO37,O41) -> 0 | G41: СтМатОбЗак | H41: Стоимость материалов и оборудования заказчика | K41: 222 | L41: 3 | M41: 3 | O41: 2
A42: 50 | B42: 0 | C42: 0 | D42: 1 | E42: 225 | F42: =ROUND(Source!AV37,O42) -> 95463.09 | G42: СтМатОбПод | H42: Стоимость материалов и оборудования подрядчика | K42: 225 | L42: 4 | M42: 3 | O42: 2
A43: 50 | B43: 0 | C43: 0 | D43: 1 | E43: 226 | F43: =ROUND(Source!AW37,O43) -> 95463.09 | G43: СтМат | H43: Стоимость материалов (всего) | K43: 226 | L43: 5 | M43: 3 | O43: 2
A44: 50 | B44: 0 | C44: 0 | D44: 1 | E44: 227 | F44: =ROUND(Source!AX37,O44) -> 0 | G44: СтМатЗак | H44: Стоимость материалов заказчика | K44: 227 | L44: 6 | M44: 3 | O44: 2
A45: 50 | B45: 0 | C45: 0 | D45: 1 | E45: 228 | F45: =ROUND(Source!AY37,O45) -> 95463.09 | G45: СтМатПод | H45: Стоимость материалов подрядчика | K45: 228 | L45: 7 | M45: 3 | O45: 2
A46: 50 | B46: 0 | C46: 0 | D46: 1 | E46: 216 | F46: =ROUND(Source!AP37,O46) -> 0 | G46: Оборуд | H46: Стоимость оборудования (всего) | K46: 216 | L46: 8 | M46: 3 | O46: 2
A47: 50 | B47: 0 | C47: 0 | D47: 1 | E47: 223 | F47: =ROUND(Source!AQ37,O47) -> 0 | G47: ОборудЗак | H47: Стоимость оборудования заказчика | K47: 223 | L47: 9 | M47: 3 | O47: 2
A48: 50 | B48: 0 | C48: 0 | D48: 1 | E48: 229 | F48: =ROUND(Source!AZ37,O48) -> 0 | G48: ОборудПод | H48: Стоимость оборудования подрядчика | K48: 229 | L48: 10 | M48: 3 | O48: 2
A49: 50 | B49: 0 | C49: 0 | D49: 1 | E49: 203 | F49: =ROUND(Source!Q37,O49) -> 131278.77 | G49: ЭММ | H49: Эксплуатация машин | K49: 203 | L49: 11 | M49: 3 | O49: 2
A50: 50 | B50: 0 | C50: 0 | D50: 1 | E50: 231 | F50: =ROUND(Source!BB37,O50) -> 0 | G50: ЭММсНРиСП | H50: Эксплуатация машин по ТСН-2001.16 | K50: 231 | L50: 12 | M50: 3 | O50: 2
A51: 50 | B51: 0 | C51: 0 | D51: 1 | E51: 204 | F51: =ROUND(Source!R37,O51) -> 0 | G51: ЗПМ | H51: ЗП машинистов | K51: 204 | L51: 13 | M51: 3 | O51: 2
A52: 50 | B52: 0 | C52: 0 | D52: 1 | E52: 205 | F52: =ROUND(Source!S37,O52) -> 1028965.6 | G52: ОЗП | H52: Основная ЗП рабочих | K52: 205 | L52: 14 | M52: 3 | O52: 2
A53: 50 | B53: 0 | C53: 0 | D53: 1 | E53: 232 | F53: =ROUND(Source!BC37,O53) -> 0 | G53: ОЗПсНРиСП | H53: Основная ЗП рабочих по ТСН-2001.16 | K53: 232 | L53: 15 | M53: 3 | O53: 2
A54: 50 | B54: 0 | C54: 0 | D54: 1 | E54: 214 | F54: =ROUND(Source!AS37,O54) -> 0 | G54: Строит | H54: Строительные работы с НР и СП | K54: 214 | L54: 16 | M54: 3 | O54: 2
A55: 50 | B55: 0 | C55: 0 | D55: 1 | E55: 215 | F55: =ROUND(Source!AT37,O55) -> 0 | G55: Монтаж | H55: Монтажные работы с НР и СП | K55: 215 | L55: 17 | M55: 3 | O55: 2
A56: 50 | B56: 0 | C56: 0 | D56: 1 | E56: 217 | F56: =ROUND(Source!AU37,O56) -> 1710232.9 | G56: Прочие | H56: Прочие работы с НР и СП | K56: 217 | L56: 18 | M56: 3 | O56: 2
A57: 50 | B57: 0 | C57: 0 | D57: 1 | E57: 230 | F57: =ROUND(Source!BA37,O57) -> 0 | G57: ПрочиеЗатр | H57: Прочие затраты по ТСН-2001.16 | K57: 230 | L57: 19 | M57: 3 | O57: 2
A58: 50 | B58: 0 | C58: 0 | D58: 1 | E58: 206 | F58: =ROUND(Source!T37,O58) -> 0 | G58: ВозврМат | H58: Возврат материалов | K58: 206 | L58: 20 | M58: 3 | O58: 2
A59: 50 | B59: 0 | C59: 0 | D59: 1 | E59: 207 | F59: =Source!U37 -> 4017.51 | G59: ТрудСтр | H59: Трудозатраты строителей | K59: 207 | L59: 21 | M59: 3 | O59: -1
A60: 50 | B60: 0 | C60: 0 | D60: 1 | E60: 208 | F60: =Source!V37 -> 0 | G60: ТрудМаш | H60: Трудозатраты машинистов | K60: 208 | L60: 22 | M60: 3 | O60: -1
A61: 50 | B61: 0 | C61: 0 | D61: 1 | E61: 209 | F61: =ROUND(Source!W37,O61) -> 0 | G61: ТранспМат | H61: Транспорт материалов | K61: 209 | L61: 23 | M61: 3 | O61: 2
A62: 50 | B62: 0 | C62: 0 | D62: 1 | E62: 233 | F62: =ROUND(Source!BD37,O62) -> 0 | G62: Перевозка | H62: Перевозка грузов | K62: 233 | L62: 24 | M62: 3 | O62: 2
A63: 50 | B63: 0 | C63: 0 | D63: 1 | E63: 210 | F63: =ROUND(Source!X37,O63) -> 390619.89 | G63: НР | H63: Накладные расходы | K63: 210 | L63: 25 | M63: 3 | O63: 2
A64: 50 | B64: 0 | C64: 0 | D64: 1 | E64: 211 | F64: =ROUND(Source!Y37,O64) -> 63905.58 | G64: СмПриб | H64: Сметная прибыль | K64: 211 | L64: 26 | M64: 3 | O64: 2
A65: 50 | B65: 0 | C65: 0 | D65: 1 | E65: 224 | F65: =ROUND(Source!AR37,O65) -> 1710232.9 | G65: Всего | H65: Всего с НР и СП | K65: 224 | L65: 27 | M65: 3 | O65: 2
A67: 5 | B67: 1 | D67: =ROW(A76) -> 76 | F67: Новый подраздел | G67: Лифты с распашными дверями | I67: 0 | K67: 0 | V67: 0 | BX67: 0 | CJ67: 0
A69: 52 | B69: =B76 -> 1 | C69: =C76 -> 5 | D69: =D76 -> 67 | E69: =E76 -> 0 | F69: =F76 -> Новый подраздел | G69: =G76 -> Лифты с распашными дверями | O69: =O76 -> 137843.52 | P69: =P76 -> 13473.86 | Q69: =Q76 -> 5179.62 | R69: =R76 -> 0 | S69: =S76 -> 119190.04 | T69: =T76 -> 0 | U69: =U76 -> 473.66 | V69: =V76 -> 0 | ... GX69: =GX76 -> 0
A71: 17 | B71: 1 | C71: =ROW(SmtRes!A5) -> 5 | D71: =ROW(EtalonRes!A5) -> 5 | E71: 5 | F71: 6.4-0122-12-7 | G71: Техническое обслуживание лифтов грузовых с верхним машинным помещением, с дверями кабины решетчатыми раздвижными типа "боствиг", дверями шахты распашными, г/п 1000 кг, скорость движения кабины 0,5 м/с, ежемесячное, на количество этажей 8 | H71: 1 лифт | I71: 2 | J71: 0 | O71: =ROUND(CP71,2) -> 43846.18 | P71: =ROUND(CQ71*I71,2) -> 4795.84 | Q71: =ROUND(CR71*I71,2) -> 1451.38 | R71: =ROUND(CS71*I71,2) -> 0 | S71: =ROUND(CT71*I71,2) -> 37598.96 | T71: =ROUND(CU71*I71,2) -> 0 | U71: =CV71*I71 -> 149.66 | V71: =CW71*I71 -> 0 | W71: =ROUND(CX71*I71,2) -> 0 | X71: =ROUND(CY71*I71,2) -> 3862.74 | Y71: =ROUND(CZ71*I71,2) -> 576.7 | AA71: 64312874 | AB71: =ROUND((AC71+AD71+AF71),6) -> 21923.09 | AC71: =ROUND(((ES71*7)),6) -> 2397.92 | AD71: =ROUND(((((ET71*7))-((EU71*7)))+AE71),6) -> 725.69 | AE71: =ROUND(((EU71*7)),6) -> 0 | AF71: =ROUND(((EV71*7)),6) -> 18799.48 | AG71: =ROUND((AP71),6) -> 0 | AH71: =((EW71*7)) -> 74.83 | AI71: =((EX71*7)) -> 0 | AJ71: =(AS71) -> 0 | AK71: 3131.87 | AL71: 342.56 | AM71: 103.67 | AN71: 0 | AO71: 2685.64 | AP71: 0 | AQ71: 10.69 | AR71: 0 | AS71: 0 | AT71: 0 | AU71: 0 | AV71: 1 | AW71: 1 | AZ71: 1 | BA71: 1 | BB71: 1 | BC71: 1 | BH71: 0 | BI71: 4 | BJ71: СН-2012-2020.6. Доп.3. Сб.4-0122-12-7 | BM71: 6000 | BN71: 0 | BP71: 0 | BQ71: 1 | BR71: 0 | BS71: 1 | BT71: 1 | BU71: 1 | BV71: 1 | BW71: 1 | BX71: 1 | BZ71: 1931.37 | CA71: 288.35 | CE71: 0 | CF71: 0 | CG71: 0 | CM71: 0 | CO71: 0 | CP71: =(P71+Q71+S71) -> 43846.18 | CQ71: =(AC71*BC71*AW71) -> 2397.92 | CR71: =(((((ET71*7))*BB71-((EU71*7))*BS71)+AE71*BS71)*AV71) -> 725.69 | CS71: =(AE71*BS71*AV71) -> 0 | CT71: =(AF71*BA71*AV71) -> 18799.48 | CU71: =AG71 -> 0 | CV71: =(AH71*AV71) -> 74.83 | CW71: =AI71 -> 0 | CX71: =AJ71 -> 0 | CY71: =FX71 -> 1931.37 | CZ71: =FY71 -> 288.35 | DD71: )*7 | DE71: )*7 | DF71: )*7 | DG71: )*7 | DI71: )*7 | DJ71: )*7 | DN71: 0 | DO71: 0 | DP71: 1 | DQ71: 1 | DU71: 1013 | DV71: 1 лифт | DW71: 1 лифт | DX71: 1 | EE71: 64176908 | EF71: 1 | EG71: СН-2012 | EH71: 0 | EJ71: 4 | EK71: 6000 | EL71: Укрупненка, глава 6 | EM71: работа | EQ71: 65536 | ER71: 3131.87 | ES71: 342.56 | ET71: 103.67 | EU71: 0 | EV71: 2685.64 | EW71: 10.69 | EX71: 0 | EY71: 0 | FQ71: 0 | FR71: =ROUND(IF(AND(BH71=3,BI71=3),P71,0),2) -> 0 | FS71: 0 | FX71: 1931.37 | FY71: 288.35 | GD71: 1 | GF71: -1659622651 | GG71: 2 | GH71: 1 | GI71: -2 | GJ71: 0 | GK71: 0 | GL71: =ROUND(IF(AND(BH71=3,BI71=3,FS71<>0),P71,0),2) -> 0 | GM71: =ROUND(O71+X71+Y71,2)+GX71 -> 48285.62 | GN71: =IF(OR(BI71=0,BI71=1),ROUND(O71+X71+Y71,2),0) -> 0 | GO71: =IF(BI71=2,ROUND(O71+X71+Y71,2),0) -> 0 | GP71: =IF(BI71=4,ROUND(O71+X71+Y71,2)+GX71,0) -> 48285.62 | GR71: 0 | GS71: 0 | GT71: 0 | GV71: =ROUND((GT71),6) -> 0 | GW71: 1 | GX71: =ROUND(HC71*I71,2) -> 0 | HA71: 0 | HB71: 0 | HC71: =GV71*GW71 -> 0 | IK71: 0
A72: 17 | B72: 1 | C72: =ROW(SmtRes!A6) -> 6 | D72: =ROW(EtalonRes!A6) -> 6 | E72: 6 | F72: 6.4-0122-13-7 | G72: Техническое обслуживание лифтов грузовых с верхним машинным помещением, с дверями кабины решетчатыми раздвижными типа "боствиг", дверями шахты распашными, г/п 1000 кг, скорость движения кабины 0,5 м/с, ежеквартальное, на количество этажей 8 | H72: 1 лифт | I72: 2 | J72: 0 | O72: =ROUND(CP72,2) -> 42330.12 | P72: =ROUND(CQ72*I72,2) -> 2832.18 | Q72: =ROUND(CR72*I72,2) -> 1774.14 | R72: =ROUND(CS72*I72,2) -> 0 | S72: =ROUND(CT72*I72,2) -> 37723.8 | T72: =ROUND(CU72*I72,2) -> 0 | U72: =CV72*I72 -> 149.88 | V72: =CW72*I72 -> 0 | W72: =ROUND(CX72*I72,2) -> 0 | X72: =ROUND(CY72*I72,2) -> 9095.36 | Y72: =ROUND(CZ72*I72,2) -> 1370.24 | AA72: 64312874 | AB72: =ROUND((AC72+AD72+AF72),6) -> 21165.06 | AC72: =ROUND(((ES72*3)),6) -> 1416.09 | AD72: =ROUND(((((ET72*3))-((EU72*3)))+AE72),6) -> 887.07 | AE72: =ROUND(((EU72*3)),6) -> 0 | AF72: =ROUND(((EV72*3)),6) -> 18861.9 | AG72: =ROUND((AP72),6) -> 0 | AH72: =((EW72*3)) -> 74.94 | AI72: =((EX72*3)) -> 0 | AJ72: =(AS72) -> 0 | AK72: 7055.02 | AL72: 472.03 | AM72: 295.69 | AN72: 0 | AO72: 6287.3 | AP72: 0 | AQ72: 24.98 | AR72: 0 | AS72: 0 | AT72: 0 | AU72: 0 | AV72: 1 | AW72: 1 | AZ72: 1 | BA72: 1 | BB72: 1 | BC72: 1 | BH72: 0 | BI72: 4 | BJ72: СН-2012-2020.6. Доп.3. Сб.4-0122-13-7 | BM72: 6000 | BN72: 0 | BP72: 0 | BQ72: 1 | BR72: 0 | BS72: 1 | BT72: 1 | BU72: 1 | BV72: 1 | BW72: 1 | BX72: 1 | BZ72: 4547.68 | CA72: 685.12 | CE72: 0 | CF72: 0 | CG72: 0 | CM72: 0 | CO72: 0 | CP72: =(P72+Q72+S72) -> 42330.12 | CQ72: =(AC72*BC72*AW72) -> 1416.09 | CR72: =(((((ET72*3))*BB72-((EU72*3))*BS72)+AE72*BS72)*AV72) -> 887.07 | CS72: =(AE72*BS72*AV72) -> 0 | CT72: =(AF72*BA72*AV72) -> 18861.9 | CU72: =AG72 -> 0 | CV72: =(AH72*AV72) -> 74.94 | CW72: =AI72 -> 0 | CX72: =AJ72 -> 0 | CY72: =FX72 -> 4547.68 | CZ72: =FY72 -> 685.12 | DD72: )*3 | DE72: )*3 | DF72: )*3 | DG72: )*3 | DI72: )*3 | DJ72: )*3 | DN72: 0 | DO72: 0 | DP72: 1 | DQ72: 1 | DU72: 1013 | DV72: 1 лифт | DW72: 1 лифт | DX72: 1 | EE72: 64176908 | EF72: 1 | EG72: СН-2012 | EH72: 0 | EJ72: 4 | EK72: 6000 | EL72: Укрупненка, глава 6 | EM72: работа | EQ72: 65536 | ER72: 7055.02 | ES72: 472.03 | ET72: 295.69 | EU72: 0 | EV72: 6287.3 | EW72: 24.98 | EX72: 0 | EY72: 0 | FQ72: 0 | FR72: =ROUND(IF(AND(BH72=3,BI72=3),P72,0),2) -> 0 | FS72: 0 | FX72: 4547.68 | FY72: 685.12 | GD72: 1 | GF72: -974480963 | GG72: 2 | GH72: 1 | GI72: -2 | GJ72: 0 | GK72: 0 | GL72: =ROUND(IF(AND(BH72=3,BI72=3,FS72<>0),P72,0),2) -> 0 | GM72: =ROUND(O72+X72+Y72,2)+GX72 -> 52795.72 | GN72: =IF(OR(BI72=0,BI72=1),ROUND(O72+X72+Y72,2),0) -> 0 | GO72: =IF(BI72=2,ROUND(O72+X72+Y72,2),0) -> 0 | GP72: =IF(BI72=4,ROUND(O72+X72+Y72,2)+GX72,0) -> 52795.72 | GR72: 0 | GS72: 0 | GT72: 0 | GV72: =ROUND((GT72),6) -> 0 | GW72: 1 | GX72: =ROUND(HC72*I72,2) -> 0 | HA72: 0 | HB72: 0 | HC72: =GV72*GW72 -> 0 | IK72: 0
A73: 17 | B73: 1 | C73: =ROW(SmtRes!A7) -> 7 | D73: =ROW(EtalonRes!A7) -> 7 | E73: 7 | F73: 6.4-0122-14-7 | G73: Техническое обслуживание лифтов грузовых с верхним машинным помещением, с дверями кабины решетчатыми раздвижными типа "боствиг", дверями шахты распашными, г/п 1000 кг, скорость движения кабины 0,5 м/с, полугодовое, на количество этажей 8 | H73: 1 лифт | I73: 2 | J73: 0 | O73: =ROUND(CP73,2) -> 21813.82 | P73: =ROUND(CQ73*I73,2) -> 2731.34 | Q73: =ROUND(CR73*I73,2) -> 851.54 | R73: =ROUND(CS73*I73,2) -> 0 | S73: =ROUND(CT73*I73,2) -> 18230.94 | T73: =ROUND(CU73*I73,2) -> 0 | U73: =CV73*I73 -> 72.4 | V73: =CW73*I73 -> 0 | W73: =ROUND(CX73*I73,2) -> 0 | X73: =ROUND(CY73*I73,2) -> 13183.78 | Y73: =ROUND(CZ73*I73,2) -> 1985.48 | AA73: 64312874 | AB73: =ROUND((AC73+AD73+AF73),6) -> 10906.91 | AC73: =ROUND((ES73),6) -> 1365.67 | AD73: =ROUND((((ET73)-(EU73))+AE73),6) -> 425.77 | AE73: =ROUND((EU73),6) -> 0 | AF73: =ROUND((EV73),6) -> 9115.47 | AG73: =ROUND((AP73),6) -> 0 | AH73: =(EW73) -> 36.2 | AI73: =(EX73) -> 0 | AJ73: =(AS73) -> 0 | AK73: 10906.91 | AL73: 1365.67 | AM73: 425.77 | AN73: 0 | AO73: 9115.47 | AP73: 0 | AQ73: 36.2 | AR73: 0 | AS73: 0 | AT73: 0 | AU73: 0 | AV73: 1 | AW73: 1 | AZ73: 1 | BA73: 1 | BB73: 1 | BC73: 1 | BH73: 0 | BI73: 4 | BJ73: СН-2012-2020.6. Доп.3. Сб.4-0122-14-7 | BM73: 6000 | BN73: 0 | BP73: 0 | BQ73: 1 | BR73: 0 | BS73: 1 | BT73: 1 | BU73: 1 | BV73: 1 | BW73: 1 | BX73: 1 | BZ73: 6591.89 | CA73: 992.74 | CE73: 0 | CF73: 0 | CG73: 0 | CM73: 0 | CO73: 0 | CP73: =(P73+Q73+S73) -> 21813.82 | CQ73: =(AC73*BC73*AW73) -> 1365.67 | CR73: =((((ET73)*BB73-(EU73)*BS73)+AE73*BS73)*AV73) -> 425.77 | CS73: =(AE73*BS73*AV73) -> 0 | CT73: =(AF73*BA73*AV73) -> 9115.47 | CU73: =AG73 -> 0 | CV73: =(AH73*AV73) -> 36.2 | CW73: =AI73 -> 0 | CX73: =AJ73 -> 0 | CY73: =FX73 -> 6591.89 | CZ73: =FY73 -> 992.74 | DN73: 0 | DO73: 0 | DP73: 1 | DQ73: 1 | DU73: 1013 | DV73: 1 лифт | DW73: 1 лифт | DX73: 1 | EE73: 64176908 | EF73: 1 | EG73: СН-2012 | EH73: 0 | EJ73: 4 | EK73: 6000 | EL73: Укрупненка, глава 6 | EM73: работа | EQ73: 65536 | ER73: 10906.91 | ES73: 1365.67 | ET73: 425.77 | EU73: 0 | EV73: 9115.47 | EW73: 36.2 | EX73: 0 | EY73: 0 | FQ73: 0 | FR73: =ROUND(IF(AND(BH73=3,BI73=3),P73,0),2) -> 0 | FS73: 0 | FX73: 6591.89 | FY73: 992.74 | GD73: 1 | GF73: -1765306123 | GG73: 2 | GH73: 1 | GI73: -2 | GJ73: 0 | GK73: 0 | GL73: =ROUND(IF(AND(BH73=3,BI73=3,FS73<>0),P73,0),2) -> 0 | GM73: =ROUND(O73+X73+Y73,2)+GX73 -> 36983.08 | GN73: =IF(OR(BI73=0,BI73=1),ROUND(O73+X73+Y73,2),0) -> 0 | GO73: =IF(BI73=2,ROUND(O73+X73+Y73,2),0) -> 0 | GP73: =IF(BI73=4,ROUND(O73+X73+Y73,2)+GX73,0) -> 36983.08 | GR73: 0 | GS73: 0 | GT73: 0 | GV73: =ROUND((GT73),6) -> 0 | GW73: 1 | GX73: =ROUND(HC73*I73,2) -> 0 | HA73: 0 | HB73: 0 | HC73: =GV73*GW73 -> 0 | IK73: 0
A74: 17 | B74: 1 | C74: =ROW(SmtRes!A8) -> 8 | D74: =ROW(EtalonRes!A8) -> 8 | E74: 8 | F74: 6.4-0122-15-7 | G74: Техническое обслуживание лифтов грузовых с верхним машинным помещением, с дверями кабины решетчатыми раздвижными типа "боствиг", дверями шахты распашными, г/п 1000 кг, скорость движения кабины 0,5 м/с, годовое, на количество этажей 8 | H74: 1 лифт | I74: 2 | J74: 0 | O74: =ROUND(CP74,2) -> 29853.4 | P74: =ROUND(CQ74*I74,2) -> 3114.5 | Q74: =ROUND(CR74*I74,2) -> 1102.56 | R74: =ROUND(CS74*I74,2) -> 0 | S74: =ROUND(CT74*I74,2) -> 25636.34 | T74: =ROUND(CU74*I74,2) -> 0 | U74: =CV74*I74 -> 101.72 | V74: =CW74*I74 -> 0 | W74: =ROUND(CX74*I74,2) -> 0 | X74: =ROUND(CY74*I74,2) -> 18492.04 | Y74: =ROUND(CZ74*I74,2) -> 2773.88 | AA74: 64312874 | AB74: =ROUND((AC74+AD74+AF74),6) -> 14926.7 | AC74: =ROUND((ES74),6) -> 1557.25 | AD74: =ROUND((((ET74)-(EU74))+AE74),6) -> 551.28 | AE74: =ROUND((EU74),6) -> 0 | AF74: =ROUND((EV74),6) -> 12818.17 | AG74: =ROUND((AP74),6) -> 0 | AH74: =(EW74) -> 50.86 | AI74: =(EX74) -> 0 | AJ74: =(AS74) -> 0 | AK74: 14926.7 | AL74: 1557.25 | AM74: 551.28 | AN74: 0 | AO74: 12818.17 | AP74: 0 | AQ74: 50.86 | AR74: 0 | AS74: 0 | AT74: 0 | AU74: 0 | AV74: 1 | AW74: 1 | AZ74: 1 | BA74: 1 | BB74: 1 | BC74: 1 | BH74: 0 | BI74: 4 | BJ74: СН-2012-2020.6. Доп.3. Сб.4-0122-15-7 | BM74: 6000 | BN74: 0 | BP74: 0 | BQ74: 1 | BR74: 0 | BS74: 1 | BT74: 1 | BU74: 1 | BV74: 1 | BW74: 1 | BX74: 1 | BZ74: 9246.02 | CA74: 1386.94 | CE74: 0 | CF74: 0 | CG74: 0 | CM74: 0 | CO74: 0 | CP74: =(P74+Q74+S74) -> 29853.4 | CQ74: =(AC74*BC74*AW74) -> 1557.25 | CR74: =((((ET74)*BB74-(EU74)*BS74)+AE74*BS74)*AV74) -> 551.28 | CS74: =(AE74*BS74*AV74) -> 0 | CT74: =(AF74*BA74*AV74) -> 12818.17 | CU74: =AG74 -> 0 | CV74: =(AH74*AV74) -> 50.86 | CW74: =AI74 -> 0 | CX74: =AJ74 -> 0 | CY74: =FX74 -> 9246.02 | CZ74: =FY74 -> 1386.94 | DN74: 0 | DO74: 0 | DP74: 1 | DQ74: 1 | DU74: 1013 | DV74: 1 лифт | DW74: 1 лифт | DX74: 1 | EE74: 64176908 | EF74: 1 | EG74: СН-2012 | EH74: 0 | EJ74: 4 | EK74: 6000 | EL74: Укрупненка, глава 6 | EM74: работа | EQ74: 65536 | ER74: 14926.7 | ES74: 1557.25 | ET74: 551.28 | EU74: 0 | EV74: 12818.17 | EW74: 50.86 | EX74: 0 | EY74: 0 | FQ74: 0 | FR74: =ROUND(IF(AND(BH74=3,BI74=3),P74,0),2) -> 0 | FS74: 0 | FX74: 9246.02 | FY74: 1386.94 | GD74: 1 | GF74: -1039106707 | GG74: 2 | GH74: 1 | GI74: -2 | GJ74: 0 | GK74: 0 | GL74: =ROUND(IF(AND(BH74=3,BI74=3,FS74<>0),P74,0),2) -> 0 | GM74: =ROUND(O74+X74+Y74,2)+GX74 -> 51119.32 | GN74: =IF(OR(BI74=0,BI74=1),ROUND(O74+X74+Y74,2),0) -> 0 | GO74: =IF(BI74=2,ROUND(O74+X74+Y74,2),0) -> 0 | GP74: =IF(BI74=4,ROUND(O74+X74+Y74,2)+GX74,0) -> 51119.32 | GR74: 0 | GS74: 0 | GT74: 0 | GV74: =ROUND((GT74),6) -> 0 | GW74: 1 | GX74: =ROUND(HC74*I74,2) -> 0 | HA74: 0 | HB74: 0 | HC74: =GV74*GW74 -> 0 | IK74: 0
A76: 51 | B76: =B67 -> 1 | C76: =A67 -> 5 | D76: =ROW(A67) -> 67 | F76: =IF(F67<>"",F67,"") -> Новый подраздел | G76: =IF(G67<>"",G67,"") -> Лифты с распашными дверями | H76: 0 | O76: =ROUND(AB76,2) -> 137843.52 | P76: =ROUND(AC76,2) -> 13473.86 | Q76: =ROUND(AD76,2) -> 5179.62 | R76: =ROUND(AE76,2) -> 0 | S76: =ROUND(AF76,2) -> 119190.04 | T76: =ROUND(AG76,2) -> 0 | U76: =AH76 -> 473.66 | V76: =AI76 -> 0 | W76: =ROUND(AJ76,2) -> 0 | X76: =ROUND(AK76,2) -> 44633.92 | Y76: =ROUND(AL76,2) -> 6706.3 | AB76: =ROUND(SUMIF(AA71:AA74,"=64312874",O71:O74),2) -> 137843.52 | AC76: =ROUND(SUMIF(AA71:AA74,"=64312874",P71:P74),2) -> 13473.86 | AD76: =ROUND(SUMIF(AA71:AA74,"=64312874",Q71:Q74),2) -> 5179.62 | AE76: =ROUND(SUMIF(AA71:AA74,"=64312874",R71:R74),2) -> 0 | AF76: =ROUND(SUMIF(AA71:AA74,"=64312874",S71:S74),2) -> 119190.04 | AG76: =ROUND(SUMIF(AA71:AA74,"=64312874",T71:T74),2) -> 0 | AH76: =SUMIF(AA71:AA74,"=64312874",U71:U74) -> 473.66 | AI76: =SUMIF(AA71:AA74,"=64312874",V71:V74) -> 0 | AJ76: =ROUND(SUMIF(AA71:AA74,"=64312874",W71:W74),2) -> 0 | AK76: =ROUND(SUMIF(AA71:AA74,"=64312874",X71:X74),2) -> 44633.92 | AL76: =ROUND(SUMIF(AA71:AA74,"=64312874",Y71:Y74),2) -> 6706.3 | AO76: =ROUND(BX76,2) -> 0 | AP76: =ROUND(BY76,2) -> 0 | AQ76: =ROUND(BZ76,2) -> 0 | AR76: =ROUND(CA76,2) -> 189183.74 | AS76: =ROUND(CB76,2) -> 0 | AT76: =ROUND(CC76,2) -> 0 | AU76: =ROUND(CD76,2) -> 189183.74 | AV76: =ROUND(CE76,2) -> 13473.86 | ... BD76: =ROUND(CM76,2) -> 0 | BX76: =ROUND(SUMIF(AA71:AA74,"=64312874",FQ71:FQ74),2) -> 0 | BY76: =ROUND(SUMIF(AA71:AA74,"=64312874",FR71:FR74),2) -> 0 | BZ76: =ROUND(SUMIF(AA71:AA74,"=64312874",GL71:GL74),2) -> 0 | CA76: =ROUND(SUMIF(AA71:AA74,"=64312874",GM71:GM74),2) -> 189183.74 | CB76: =ROUND(SUMIF(AA71:AA74,"=64312874",GN71:GN74),2) -> 0 | CC76: =ROUND(SUMIF(AA71:AA74,"=64312874",GO71:GO74),2) -> 0 | CD76: =ROUND(SUMIF(AA71:AA74,"=64312874",GP71:GP74),2) -> 189183.74 | CE76: =AC76-BX76 -> 13473.86 | CF76: =AC76-BY76 -> 13473.86 | CG76: =BX76-BZ76 -> 0 | CH76: =AC76-BX76-BY76+BZ76 -> 13473.86 | CI76: =BY76-BZ76 -> 0 | CJ76: =ROUND(SUMIF(AA71:AA74,"=64312874",GX71:GX74),2) -> 0 | CK76: =ROUND(SUMIF(AA71:AA74,"=64312874",GY71:GY74),2) -> 0 | CL76: =ROUND(SUMIF(AA71:AA74,"=64312874",GZ71:GZ74),2) -> 0 | CM76: =ROUND(SUMIF(AA71:AA74,"=64312874",HD71:HD74),2) -> 0 | GX76: 0
A78: 50 | B78: 0 | C78: 0 | D78: 1 | E78: 201 | F78: =ROUND(Source!O76,O78) -> 137843.52 | G78: ПЗ | H78: Прямые затраты | K78: 201 | L78: 1 | M78: 3 | O78: 2
A79: 50 | B79: 0 | C79: 0 | D79: 1 | E79: 202 | F79: =ROUND(Source!P76,O79) -> 13473.86 | G79: СтМатОб | H79: Стоимость материальных ресурсов (всего) | K79: 202 | L79: 2 | M79: 3 | O79: 2
A80: 50 | B80: 0 | C80: 0 | D80: 1 | E80: 222 | F80: =ROUND(Source!AO76,O80) -> 0 | G80: СтМатОбЗак | H80: Стоимость материалов и оборудования заказчика | K80: 222 | L80: 3 | M80: 3 | O80: 2
A81: 50 | B81: 0 | C81: 0 | D81: 1 | E81: 225 | F81: =ROUND(Source!AV76,O81) -> 13473.86 | G81: СтМатОбПод | H81: Стоимость материалов и оборудования подрядчика | K81: 225 | L81: 4 | M81: 3 | O81: 2
A82: 50 | B82: 0 | C82: 0 | D82: 1 | E82: 226 | F82: =ROUND(Source!AW76,O82) -> 13473.86 | G82: СтМат | H82: Стоимость материалов (всего) | K82: 226 | L82: 5 | M82: 3 | O82: 2
A83: 50 | B83: 0 | C83: 0 | D83: 1 | E83: 227 | F83: =ROUND(Source!AX76,O83) -> 0 | G83: СтМатЗак | H83: Стоимость материалов заказчика | K83: 227 | L83: 6 | M83: 3 | O83: 2
A84: 50 | B84: 0 | C84: 0 | D84: 1 | E84: 228 | F84: =ROUND(Source!AY76,O84) -> 13473.86 | G84: СтМатПод | H84: Стоимость материалов подрядчика | K84: 228 | L84: 7 | M84: 3 | O84: 2
A85: 50 | B85: 0 | C85: 0 | D85: 1 | E85: 216 | F85: =ROUND(Source!AP76,O85) -> 0 | G85: Оборуд | H85: Стоимость оборудования (всего) | K85: 216 | L85: 8 | M85: 3 | O85: 2
A86: 50 | B86: 0 | C86: 0 | D86: 1 | E86: 223 | F86: =ROUND(Source!AQ76,O86) -> 0 | G86: ОборудЗак | H86: Стоимость оборудования заказчика | K86: 223 | L86: 9 | M86: 3 | O86: 2
A87: 50 | B87: 0 | C87: 0 | D87: 1 | E87: 229 | F87: =ROUND(Source!AZ76,O87) -> 0 | G87: ОборудПод | H87: Стоимость оборудования подрядчика | K87: 229 | L87: 10 | M87: 3 | O87: 2
A88: 50 | B88: 0 | C88: 0 | D88: 1 | E88: 203 | F88: =ROUND(Source!Q76,O88) -> 5179.62 | G88: ЭММ | H88: Эксплуатация машин | K88: 203 | L88: 11 | M88: 3 | O88: 2
A89: 50 | B89: 0 | C89: 0 | D89: 1 | E89: 231 | F89: =ROUND(Source!BB76,O89) -> 0 | G89: ЭММсНРиСП | H89: Эксплуатация машин по ТСН-2001.16 | K89: 231 | L89: 12 | M89: 3 | O89: 2
A90: 50 | B90: 0 | C90: 0 | D90: 1 | E90: 204 | F90: =ROUND(Source!R76,O90) -> 0 | G90: ЗПМ | H90: ЗП машинистов | K90: 204 | L90: 13 | M90: 3 | O90: 2
A91: 50 | B91: 0 | C91: 0 | D91: 1 | E91: 205 | F91: =ROUND(Source!S76,O91) -> 119190.04 | G91: ОЗП | H91: Основная ЗП рабочих | K91: 205 | L91: 14 | M91: 3 | O91: 2
A92: 50 | B92: 0 | C92: 0 | D92: 1 | E92: 232 | F92: =ROUND(Source!BC76,O92) -> 0 | G92: ОЗПсНРиСП | H92: Основная ЗП рабочих по ТСН-2001.16 | K92: 232 | L92: 15 | M92: 3 | O92: 2
A93: 50 | B93: 0 | C93: 0 | D93: 1 | E93: 214 | F93: =ROUND(Source!AS76,O93) -> 0 | G93: Строит | H93: Строительные работы с НР и СП | K93: 214 | L93: 16 | M93: 3 | O93: 2
A94: 50 | B94: 0 | C94: 0 | D94: 1 | E94: 215 | F94: =ROUND(Source!AT76,O94) -> 0 | G94: Монтаж | H94: Монтажные работы с НР и СП | K94: 215 | L94: 17 | M94: 3 | O94: 2
A95: 50 | B95: 0 | C95: 0 | D95: 1 | E95: 217 | F95: =ROUND(Source!AU76,O95) -> 189183.74 | G95: Прочие | H95: Прочие работы с НР и СП | K95: 217 | L95: 18 | M95: 3 | O95: 2
A96: 50 | B96: 0 | C96: 0 | D96: 1 | E96: 230 | F96: =ROUND(Source!BA76,O96) -> 0 | G96: ПрочиеЗатр | H96: Прочие затраты по ТСН-2001.16 | K96: 230 | L96: 19 | M96: 3 | O96: 2
A97: 50 | B97: 0 | C97: 0 | D97: 1 | E97: 206 | F97: =ROUND(Source!T76,O97) -> 0 | G97: ВозврМат | H97: Возврат материалов | K97: 206 | L97: 20 | M97: 3 | O97: 2
A98: 50 | B98: 0 | C98: 0 | D98: 1 | E98: 207 | F98: =Source!U76 -> 473.66 | G98: ТрудСтр | H98: Трудозатраты строителей | K98: 207 | L98: 21 | M98: 3 | O98: -1
A99: 50 | B99: 0 | C99: 0 | D99: 1 | E99: 208 | F99: =Source!V76 -> 0 | G99: ТрудМаш | H99: Трудозатраты машинистов | K99: 208 | L99: 22 | M99: 3 | O99: -1
A100: 50 | B100: 0 | C100: 0 | D100: 1 | E100: 209 | F100: =ROUND(Source!W76,O100) -> 0 | G100: ТранспМат | H100: Транспорт материалов | K100: 209 | L100: 23 | M100: 3 | O100: 2
A101: 50 | B101: 0 | C101: 0 | D101: 1 | E101: 233 | F101: =ROUND(Source!BD76,O101) -> 0 | G101: Перевозка | H101: Перевозка грузов | K101: 233 | L101: 24 | M101: 3 | O101: 2
A102: 50 | B102: 0 | C102: 0 | D102: 1 | E102: 210 | F102: =ROUND(Source!X76,O102) -> 44633.92 | G102: НР | H102: Накладные расходы | K102: 210 | L102: 25 | M102: 3 | O102: 2
A103: 50 | B103: 0 | C103: 0 | D103: 1 | E103: 211 | F103: =ROUND(Source!Y76,O103) -> 6706.3 | G103: СмПриб | H103: Сметная прибыль | K103: 211 | L103: 26 | M103: 3 | O103: 2
A104: 50 | B104: 0 | C104: 0 | D104: 1 | E104: 224 | F104: =ROUND(Source!AR76,O104) -> 189183.74 | G104: Всего | H104: Всего с НР и СП | K104: 224 | L104: 27 | M104: 3 | O104: 2
A106: 51 | B106: =B24 -> 1 | C106: =A24 -> 4 | D106: =ROW(A24) -> 24 | F106: =IF(F24<>"",F24,"") -> Новый раздел | G106: =IF(G24<>"",G24,"") -> ТО лифтов 8 этажей | H106: 0 | O106: =ROUND(O37+O76+AB106,2) -> 1393551 | P106: =ROUND(P37+P76+AC106,2) -> 108936.95 | Q106: =ROUND(Q37+Q76+AD106,2) -> 136458.39 | R106: =ROUND(R37+R76+AE106,2) -> 0 | S106: =ROUND(S37+S76+AF106,2) -> 1148155.6 | T106: =ROUND(T37+T76+AG106,2) -> 0 | U106: =U37+U76+AH106 -> 4491.17 | V106: =V37+V76+AI106 -> 0 | W106: =ROUND(W37+W76+AJ106,2) -> 0 | X106: =ROUND(X37+X76+AK106,2) -> 435253.81 | Y106: =ROUND(Y37+Y76+AL106,2) -> 70611.88 | AO106: =ROUND(AO37+AO76+BX106,2) -> 0 | AP106: =ROUND(AP37+AP76+BY106,2) -> 0 | AQ106: =ROUND(AQ37+AQ76+BZ106,2) -> 0 | AR106: =ROUND(AR37+AR76+CA106,2) -> 1899416.7 | AS106: =ROUND(AS37+AS76+CB106,2) -> 0 | AT106: =ROUND(AT37+AT76+CC106,2) -> 0 | AU106: =ROUND(AU37+AU76+CD106,2) -> 1899416.7 | AV106: =ROUND(AV37+AV76+CE106,2) -> 108936.95 | ... BD106: =ROUND(BD37+BD76+CM106,2) -> 0 | GX106: 0
A108: 50 | B108: 0 | C108: 0 | D108: 1 | E108: 201 | F108: =ROUND(Source!O106,O108) -> 1393551 | G108: ПЗ | H108: Прямые затраты | K108: 201 | L108: 1 | M108: 3 | O108: 2
A109: 50 | B109: 0 | C109: 0 | D109: 1 | E109: 202 | F109: =ROUND(Source!P106,O109) -> 108936.95 | G109: СтМатОб | H109: Стоимость материальных ресурсов (всего) | K109: 202 | L109: 2 | M109: 3 | O109: 2
A110: 50 | B110: 0 | C110: 0 | D110: 1 | E110: 222 | F110: =ROUND(Source!AO106,O110) -> 0 | G110: СтМатОбЗак | H110: Стоимость материалов и оборудования заказчика | K110: 222 | L110: 3 | M110: 3 | O110: 2
A111: 50 | B111: 0 | C111: 0 | D111: 1 | E111: 225 | F111: =ROUND(Source!AV106,O111) -> 108936.95 | G111: СтМатОбПод | H111: Стоимость материалов и оборудования подрядчика | K111: 225 | L111: 4 | M111: 3 | O111: 2
A112: 50 | B112: 0 | C112: 0 | D112: 1 | E112: 226 | F112: =ROUND(Source!AW106,O112) -> 108936.95 | G112: СтМат | H112: Стоимость материалов (всего) | K112: 226 | L112: 5 | M112: 3 | O112: 2
A113: 50 | B113: 0 | C113: 0 | D113: 1 | E113: 227 | F113: =ROUND(Source!AX106,O113) -> 0 | G113: СтМатЗак | H113: Стоимость материалов заказчика | K113: 227 | L113: 6 | M113: 3 | O113: 2
A114: 50 | B114: 0 | C114: 0 | D114: 1 | E114: 228 | F114: =ROUND(Source!AY106,O114) -> 108936.95 | G114: СтМатПод | H114: Стоимость материалов подрядчика | K114: 228 | L114: 7 | M114: 3 | O114: 2
A115: 50 | B115: 0 | C115: 0 | D115: 1 | E115: 216 | F115: =ROUND(Source!AP106,O115) -> 0 | G115: Оборуд | H115: Стоимость оборудования (всего) | K115: 216 | L115: 8 | M115: 3 | O115: 2
A116: 50 | B116: 0 | C116: 0 | D116: 1 | E116: 223 | F116: =ROUND(Source!AQ106,O116) -> 0 | G116: ОборудЗак | H116: Стоимость оборудования заказчика | K116: 223 | L116: 9 | M116: 3 | O116: 2
A117: 50 | B117: 0 | C117: 0 | D117: 1 | E117: 229 | F117: =ROUND(Source!AZ106,O117) -> 0 | G117: ОборудПод | H117: Стоимость оборудования подрядчика | K117: 229 | L117: 10 | M117: 3 | O117: 2
A118: 50 | B118: 0 | C118: 0 | D118: 1 | E118: 203 | F118: =ROUND(Source!Q106,O118) -> 136458.39 | G118: ЭММ | H118: Эксплуатация машин | K118: 203 | L118: 11 | M118: 3 | O118: 2
A119: 50 | B119: 0 | C119: 0 | D119: 1 | E119: 231 | F119: =ROUND(Source!BB106,O119) -> 0 | G119: ЭММсНРиСП | H119: Эксплуатация машин по ТСН-2001.16 | K119: 231 | L119: 12 | M119: 3 | O119: 2
A120: 50 | B120: 0 | C120: 0 | D120: 1 | E120: 204 | F120: =ROUND(Source!R106,O120) -> 0 | G120: ЗПМ | H120: ЗП машинистов | K120: 204 | L120: 13 | M120: 3 | O120: 2
A121: 50 | B121: 0 | C121: 0 | D121: 1 | E121: 205 | F121: =ROUND(Source!S106,O121) -> 1148155.6 | G121: ОЗП | H121: Основная ЗП рабочих | K121: 205 | L121: 14 | M121: 3 | O121: 2
A122: 50 | B122: 0 | C122: 0 | D122: 1 | E122: 232 | F122: =ROUND(Source!BC106,O122) -> 0 | G122: ОЗПсНРиСП | H122: Основная ЗП рабочих по ТСН-2001.16 | K122: 232 | L122: 15 | M122: 3 | O122: 2
A123: 50 | B123: 0 | C123: 0 | D123: 1 | E123: 214 | F123: =ROUND(Source!AS106,O123) -> 0 | G123: Строит | H123: Строительные работы с НР и СП | K123: 214 | L123: 16 | M123: 3 | O123: 2
A124: 50 | B124: 0 | C124: 0 | D124: 1 | E124: 215 | F124: =ROUND(Source!AT106,O124) -> 0 | G124: Монтаж | H124: Монтажные работы с НР и СП | K124: 215 | L124: 17 | M124: 3 | O124: 2
A125: 50 | B125: 0 | C125: 0 | D125: 1 | E125: 217 | F125: =ROUND(Source!AU106,O125) -> 1899416.7 | G125: Прочие | H125: Прочие работы с НР и СП | K125: 217 | L125: 18 | M125: 3 | O125: 2
A126: 50 | B126: 0 | C126: 0 | D126: 1 | E126: 230 | F126: =ROUND(Source!BA106,O126) -> 0 | G126: ПрочиеЗатр | H126: Прочие затраты по ТСН-2001.16 | K126: 230 | L126: 19 | M126: 3 | O126: 2
A127: 50 | B127: 0 | C127: 0 | D127: 1 | E127: 206 | F127: =ROUND(Source!T106,O127) -> 0 | G127: ВозврМат | H127: Возврат материалов | K127: 206 | L127: 20 | M127: 3 | O127: 2
A128: 50 | B128: 0 | C128: 0 | D128: 1 | E128: 207 | F128: =Source!U106 -> 4491.17 | G128: ТрудСтр | H128: Трудозатраты строителей | K128: 207 | L128: 21 | M128: 3 | O128: -1
A129: 50 | B129: 0 | C129: 0 | D129: 1 | E129: 208 | F129: =Source!V106 -> 0 | G129: ТрудМаш | H129: Трудозатраты машинистов | K129: 208 | L129: 22 | M129: 3 | O129: -1
A130: 50 | B130: 0 | C130: 0 | D130: 1 | E130: 209 | F130: =ROUND(Source!W106,O130) -> 0 | G130: ТранспМат | H130: Транспорт материалов | K130: 209 | L130: 23 | M130: 3 | O130: 2
...

Sheet SourceObSm
A1: 0 | B1: Smeta.RU (495) 974-1589 | D1: _OBSM_ | F1: 0 | G1: 0 | H1: 0 | I1: Smeta.RU | K1: 0 | L1: 29412 | M1: 10 | N1: 11 | O1: 0 | P1: 1 | Q1: 6
A12: 1 | B12: 51 | C12: 0 | E12: 0 | F12: Новый объект | G12: Оказание услуг по круглосуточному обслуживанию и текущему ремонту лифтового оборудования ГБУЗ "ГКБ № 29 им. Н.Э. Баумана" | I12: 0 | K12: 0 | O12: 0 | P12: 0 | Q12: 0 | R12: 108 | V12: 0 | BH12: Сметные нормы списания | BI12: Коды ОКП для СН-2012 - 2020 г. | BJ12: 1 | BK12: 1 | BL12: 0 | BM12: 0 | BN12: 1 | BO12: 0 | BP12: 6 | BQ12: 2 | BR12: 1 | BS12: 1 | BT12: 0 | BU12: 0 | BV12: 0 | BW12: 0 | BX12: 0 | BY12: СН-2012 - 2020 г_глава_1-5,7 | BZ12: Типовой расчет для СН-2012 - 2020 г | CA12: СН-2012-2020 г. База данных "Сборник стоимостных нормативов" | CB12: СН-2012-2020 г. База данных "Сборник стоимостных нормативов" | CC12: СН-2012-2020 г. База данных "Сборник стоимостных нормативов" | CD12: СН-2012-2020 г. База данных "Сборник стоимостных нормативов" | CE12: Поправки для СН-2012-2020 в ценах на 01.10.2019 г доп.2 | CF12: 0 | CG12: 0 | CH12: 8 | CK12: 3 | EC12: 0
A14: 22 | B14: 0 | C14: 0 | D14: 64312874 | E14: 0 | F14: 3
A16: 3 | B16: 1 | C16: Новая локальная смета | D16: Новая локальная смета | E16: =(Source!F419)/1000 -> 0 | F16: =(Source!F420)/1000 -> 0 | G16: =(Source!F411)/1000 -> 0 | H16: =(Source!F421)/1000+(Source!F422)/1000 -> 4600.8685 | I16: =E16+F16+G16+H16 -> 4600.8685 | J16: =(Source!F417)/1000 -> 2737.7437 | AI16: 0 | AJ16: 0 | AN16: 0 | AT16: 3261759.3 | AU16: 229069.3 | AV16: 0 | AW16: 0 | AX16: 0 | AY16: 294946.3 | AZ16: 0 | BA16: 2737743.7 | BB16: 0 | BC16: 0 | BD16: 4600868.5 | BE16: 0 | BF16: 10400.78 | BG16: 0 | BH16: 0 | BI16: 1155648.9 | BJ16: 183460.3 | BK16: 4600868.5
A18: 51 | E18: =SUMIF(A16:A17,3,E16:E17) -> 0 | F18: =SUMIF(A16:A17,3,F16:F17) -> 0 | G18: =SUMIF(A16:A17,3,G16:G17) -> 0 | H18: =SUMIF(A16:A17,3,H16:H17) -> 4600.8685 | I18: =SUMIF(A16:A17,3,I16:I17) -> 4600.8685 | J18: =SUMIF(A16:A17,3,J16:J17) -> 2737.7437
A20: 50 | B20: 0 | C20: 0 | D20: 1 | E20: 201 | F20: 3261759.3 | G20: ПЗ | H20: Прямые затраты | K20: 201 | L20: 1 | M20: 3 | O20: 2
A21: 50 | B21: 0 | C21: 0 | D21: 1 | E21: 202 | F21: 229069.3 | G21: СтМатОб | H21: Стоимость материальных ресурсов (всего) | K21: 202 | L21: 2 | M21: 3 | O21: 2
A22: 50 | B22: 0 | C22: 0 | D22: 1 | E22: 222 | F22: 0 | G22: СтМатОбЗак | H22: Стоимость материалов и оборудования заказчика | K22: 222 | L22: 3 | M22: 3 | O22: 2
A23: 50 | B23: 0 | C23: 0 | D23: 1 | E23: 225 | F23: 229069.3 | G23: СтМатОбПод | H23: Стоимость материалов и оборудования подрядчика | K23: 225 | L23: 4 | M23: 3 | O23: 2
A24: 50 | B24: 0 | C24: 0 | D24: 1 | E24: 226 | F24: 229069.3 | G24: СтМат | H24: Стоимость материалов (всего) | K24: 226 | L24: 5 | M24: 3 | O24: 2
A25: 50 | B25: 0 | C25: 0 | D25: 1 | E25: 227 | F25: 0 | G25: СтМатЗак | H25: Стоимость материалов заказчика | K25: 227 | L25: 6 | M25: 3 | O25: 2
A26: 50 | B26: 0 | C26: 0 | D26: 1 | E26: 228 | F26: 229069.3 | G26: СтМатПод | H26: Стоимость материалов подрядчика | K26: 228 | L26: 7 | M26: 3 | O26: 2
A27: 50 | B27: 0 | C27: 0 | D27: 1 | E27: 216 | F27: 0 | G27: Оборуд | H27: Стоимость оборудования (всего) | K27: 216 | L27: 8 | M27: 3 | O27: 2
A28: 50 | B28: 0 | C28: 0 | D28: 1 | E28: 223 | F28: 0 | G28: ОборудЗак | H28: Стоимость оборудования заказчика | K28: 223 | L28: 9 | M28: 3 | O28: 2
A29: 50 | B29: 0 | C29: 0 | D29: 1 | E29: 229 | F29: 0 | G29: ОборудПод | H29: Стоимость оборудования подрядчика | K29: 229 | L29: 10 | M29: 3 | O29: 2
A30: 50 | B30: 0 | C30: 0 | D30: 1 | E30: 203 | F30: 294946.3 | G30: ЭММ | H30: Эксплуатация машин | K30: 203 | L30: 11 | M30: 3 | O30: 2
A31: 50 | B31: 0 | C31: 0 | D31: 1 | E31: 231 | F31: 0 | G31: ЭММсНРиСП | H31: Эксплуатация машин по ТСН-2001.16 | K31: 231 | L31: 12 | M31: 3 | O31: 2
... A46: 50 | B46: 0 | C46: 0 | D46: 1 | E46: 224 | F46: 4600868.5 | G46: Всего | H46: Всего с НР и СП | K46: 224 | L46: 27 | M46: 3 | O46: 2
A48: -1
A51: 75 | B51: Уровень цен на 01.10.2019 г | C51: 2019 | D51: 0 | E51: 10 | F51: 0 | G51: 0 | H51: 1 | I51: 0 | J51: 1 | K51: 78 | L51: 30 | M51: 0 | N51: 64312874 | O51: 1

Sheet SmtRes
A1: =ROW(Source!A32) -> 32 | B1: 64312874 | C1: 64312526 | D1: 58823480 | E1: 25 | F1: 1 | G1: 25 | H1: 1 | I1: 9999990008 | K1: Трудозатраты рабочих | L1: 1191 | N1: 1013 | O1: чел.-ч. | P1: чел.-ч. | Q1: 1 | W1: 0 | X1: 476480486 | Y1: 156.17 | AA1: 0 | AB1: 0 | AC1: 0 | AD1: 0 | AE1: 0 | AF1: 0 | AG1: 0 | AH1: 0 | AI1: 1 | AJ1: 1 | AK1: 1 | AL1: 1 | AN1: 0 | AO1: 1 | AP1: 1 | AQ1: 0 | AR1: 0 | AT1: 22.31 | AU1: )*7 | AV1: 1 | AW1: 2 | AX1: 64313072 | AY1: 1 | AZ1: 0 | BA1: 1 | BB1: 0 | BC1: 0 | BD1: 0 | BE1: 0 | BF1: 0 | BG1: 0 | BH1: 0 | BI1: 0 | BJ1: 0 | BK1: 0 | BL1: 0 | BM1: 0 | BN1: 0 | BO1: 0 | BP1: 0 | BQ1: 0 | BR1: 0 | BS1: 0 | BT1: 0 | BU1: 0 | BV1: 0 | BW1: 0 | CX1: =Y1*Source!I32 -> 1405.53 | CY1: =AD1 -> 0 | CZ1: =AH1 -> 0 | DA1: =AL1 -> 1 | DB1: =ROUND((ROUND(AT1*CZ1,2)*7),6) -> 0 | DC1: =ROUND((ROUND(AT1*AG1,2)*7),6) -> 0
A2: =ROW(Source!A33) -> 33 | B2: 64312874 | C2: 64312530 | D2: 58823480 | E2: 25 | F2: 1 | G2: 25 | H2: 1 | I2: 9999990008 | K2: Трудозатраты рабочих | L2: 1191 | N2: 1013 | O2: чел.-ч. | P2: чел.-ч. | Q2: 1 | W2: 0 | X2: 476480486 | Y2: 138.81 | AA2: 0 | AB2: 0 | AC2: 0 | AD2: 0 | AE2: 0 | AF2: 0 | AG2: 0 | AH2: 0 | AI2: 1 | AJ2: 1 | AK2: 1 | AL2: 1 | AN2: 0 | AO2: 1 | AP2: 1 | AQ2: 0 | AR2: 0 | AT2: 46.27 | AU2: )*3 | AV2: 1 | AW2: 2 | AX2: 64312531 | AY2: 1 | AZ2: 0 | BA2: 2 | BB2: 0 | BC2: 0 | BD2: 0 | BE2: 0 | BF2: 0 | BG2: 0 | BH2: 0 | BI2: 0 | BJ2: 0 | BK2: 0 | BL2: 0 | BM2: 0 | BN2: 0 | BO2: 0 | BP2: 0 | BQ2: 0 | BR2: 0 | BS2: 0 | BT2: 0 | BU2: 0 | BV2: 0 | BW2: 0 | CX2: =Y2*Source!I33 -> 1249.29 | CY2: =AD2 -> 0 | CZ2: =AH2 -> 0 | DA2: =AL2 -> 1 | DB2: =ROUND((ROUND(AT2*CZ2,2)*3),6) -> 0 | DC2: =ROUND((ROUND(AT2*AG2,2)*3),6) -> 0
A3: =ROW(Source!A34) -> 34 | B3: 64312874 | C3: 64312532 | D3: 58823480 | E3: 25 | F3: 1 | G3: 25 | H3: 1 | I3: 9999990008 | K3: Трудозатраты рабочих | L3: 1191 | N3: 1013 | O3: чел.-ч. | P3: чел.-ч. | Q3: 1 | W3: 0 | X3: 476480486 | Y3: 62.73 | AA3: 0 | AB3: 0 | AC3: 0 | AD3: 0 | AE3: 0 | AF3: 0 | AG3: 0 | AH3: 0 | AI3: 1 | AJ3: 1 | AK3: 1 | AL3: 1 | AN3: 0 | AO3: 1 | AP3: 0 | AQ3: 0 | AR3: 0 | AT3: 62.73 | AV3: 1 | AW3: 2 | AX3: 64312533 | AY3: 1 | AZ3: 0 | BA3: 3 | BB3: 0 | BC3: 0 | BD3: 0 | BE3: 0 | BF3: 0 | BG3: 0 | BH3: 0 | BI3: 0 | BJ3: 0 | BK3: 0 | BL3: 0 | BM3: 0 | BN3: 0 | BO3: 0 | BP3: 0 | BQ3: 0 | BR3: 0 | BS3: 0 | BT3: 0 | BU3: 0 | BV3: 0 | BW3: 0 | CX3: =Y3*Source!I34 -> 564.57 | CY3: =AD3 -> 0 | CZ3: =AH3 -> 0 | DA3: =AL3 -> 1 | DB3: =ROUND(ROUND(AT3*CZ3,2),6) -> 0 | DC3: =ROUND(ROUND(AT3*AG3,2),6) -> 0
A4: =ROW(Source!A35) -> 35 | B4: 64312874 | C4: 64312534 | D4: 58823480 | E4: 25 | F4: 1 | G4: 25 | H4: 1 | I4: 9999990008 | K4: Трудозатраты рабочих | L4: 1191 | N4: 1013 | O4: чел.-ч. | P4: чел.-ч. | Q4: 1 | W4: 0 | X4: 476480486 | Y4: 88.68 | AA4: 0 | AB4: 0 | AC4: 0 | AD4: 0 | AE4: 0 | AF4: 0 | AG4: 0 | AH4: 0 | AI4: 1 | AJ4: 1 | AK4: 1 | AL4: 1 | AN4: 0 | AO4: 1 | AP4: 0 | AQ4: 0 | AR4: 0 | AT4: 88.68 | AV4: 1 | AW4: 2 | AX4: 64312535 | AY4: 1 | AZ4: 0 | BA4: 4 | BB4: 0 | BC4: 0 | BD4: 0 | BE4: 0 | BF4: 0 | BG4: 0 | BH4: 0 | BI4: 0 | BJ4: 0 | BK4: 0 | BL4: 0 | BM4: 0 | BN4: 0 | BO4: 0 | BP4: 0 | BQ4: 0 | BR4: 0 | BS4: 0 | BT4: 0 | BU4: 0 | BV4: 0 | BW4: 0 | CX4: =Y4*Source!I35 -> 798.12 | CY4: =AD4 -> 0 | CZ4: =AH4 -> 0 | DA4: =AL4 -> 1 | DB4: =ROUND(ROUND(AT4*CZ4,2),6) -> 0 | DC4: =ROUND(ROUND(AT4*AG4,2),6) -> 0
A5: =ROW(Source!A71) -> 71 | B5: 64312874 | C5: 64312595 | D5: 58823480 | E5: 25 | F5: 1 | G5: 25 | H5: 1 | I5: 9999990008 | K5: Трудозатраты рабочих | L5: 1191 | N5: 1013 | O5: чел.-ч. | P5: чел.-ч. | Q5: 1 | W5: 0 | X5: 476480486 | Y5: 74.83 | AA5: 0 | AB5: 0 | AC5: 0 | AD5: 0 | AE5: 0 | AF5: 0 | AG5: 0 | AH5: 0 | AI5: 1 | AJ5: 1 | AK5: 1 | AL5: 1 | AN5: 0 | AO5: 1 | AP5: 1 | AQ5: 0 | AR5: 0 | AT5: 10.69 | AU5: )*7 | AV5: 1 | AW5: 2 | AX5: 64312596 | AY5: 1 | AZ5: 0 | BA5: 5 | BB5: 0 | BC5: 0 | BD5: 0 | BE5: 0 | BF5: 0 | BG5: 0 | BH5: 0 | BI5: 0 | BJ5: 0 | BK5: 0 | BL5: 0 | BM5: 0 | BN5: 0 | BO5: 0 | BP5: 0 | BQ5: 0 | BR5: 0 | BS5: 0 | BT5: 0 | BU5: 0 | BV5: 0 | BW5: 0 | CX5: =Y5*Source!I71 -> 149.66 | CY5: =AD5 -> 0 | CZ5: =AH5 -> 0 | DA5: =AL5 -> 1 | DB5: =ROUND((ROUND(AT5*CZ5,2)*7),6) -> 0 | DC5: =ROUND((ROUND(AT5*AG5,2)*7),6) -> 0
A6: =ROW(Source!A72) -> 72 | B6: 64312874 | C6: 64312597 | D6: 58823480 | E6: 25 | F6: 1 | G6: 25 | H6: 1 | I6: 9999990008 | K6: Трудозатраты рабочих | L6: 1191 | N6: 1013 | O6: чел.-ч. | P6: чел.-ч. | Q6: 1 | W6: 0 | X6: 476480486 | Y6: 74.94 | AA6: 0 | AB6: 0 | AC6: 0 | AD6: 0 | AE6: 0 | AF6: 0 | AG6: 0 | AH6: 0 | AI6: 1 | AJ6: 1 | AK6: 1 | AL6: 1 | AN6: 0 | AO6: 1 | AP6: 1 | AQ6: 0 | AR6: 0 | AT6: 24.98 | AU6: )*3 | AV6: 1 | AW6: 2 | AX6: 64312598 | AY6: 1 | AZ6: 0 | BA6: 6 | BB6: 0 | BC6: 0 | BD6: 0 | BE6: 0 | BF6: 0 | BG6: 0 | BH6: 0 | BI6: 0 | BJ6: 0 | BK6: 0 | BL6: 0 | BM6: 0 | BN6: 0 | BO6: 0 | BP6: 0 | BQ6: 0 | BR6: 0 | BS6: 0 | BT6: 0 | BU6: 0 | BV6: 0 | BW6: 0 | CX6: =Y6*Source!I72 -> 149.88 | CY6: =AD6 -> 0 | CZ6: =AH6 -> 0 | DA6: =AL6 -> 1 | DB6: =ROUND((ROUND(AT6*CZ6,2)*3),6) -> 0 | DC6: =ROUND((ROUND(AT6*AG6,2)*3),6) -> 0
A7: =ROW(Source!A73) -> 73 | B7: 64312874 | C7: 64312599 | D7: 58823480 | E7: 25 | F7: 1 | G7: 25 | H7: 1 | I7: 9999990008 | K7: Трудозатраты рабочих | L7: 1191 | N7: 1013 | O7: чел.-ч. | P7: чел.-ч. | Q7: 1 | W7: 0 | X7: 476480486 | Y7: 36.2 | AA7: 0 | AB7: 0 | AC7: 0 | AD7: 0 | AE7: 0 | AF7: 0 | AG7: 0 | AH7: 0 | AI7: 1 | AJ7: 1 | AK7: 1 | AL7: 1 | AN7: 0 | AO7: 1 | AP7: 0 | AQ7: 0 | AR7: 0 | AT7: 36.2 | AV7: 1 | AW7: 2 | AX7: 64312600 | AY7: 1 | AZ7: 0 | BA7: 7 | BB7: 0 | BC7: 0 | BD7: 0 | BE7: 0 | BF7: 0 | BG7: 0 | BH7: 0 | BI7: 0 | BJ7: 0 | BK7: 0 | BL7: 0 | BM7: 0 | BN7: 0 | BO7: 0 | BP7: 0 | BQ7: 0 | BR7: 0 | BS7: 0 | BT7: 0 | BU7: 0 | BV7: 0 | BW7: 0 | CX7: =Y7*Source!I73 -> 72.4 | CY7: =AD7 -> 0 | CZ7: =AH7 -> 0 | DA7: =AL7 -> 1 | DB7: =ROUND(ROUND(AT7*CZ7,2),6) -> 0 | DC7: =ROUND(ROUND(AT7*AG7,2),6) -> 0
A8: =ROW(Source!A74) -> 74 | B8: 64312874 | C8: 64312601 | D8: 58823480 | E8: 25 | F8: 1 | G8: 25 | H8: 1 | I8: 9999990008 | K8: Трудозатраты рабочих | L8: 1191 | N8: 1013 | O8: чел.-ч. | P8: чел.-ч. | Q8: 1 | W8: 0 | X8: 476480486 | Y8: 50.86 | AA8: 0 | AB8: 0 | AC8: 0 | AD8: 0 | AE8: 0 | AF8: 0 | AG8: 0 | AH8: 0 | AI8: 1 | AJ8: 1 | AK8: 1 | AL8: 1 | AN8: 0 | AO8: 1 | AP8: 0 | AQ8: 0 | AR8: 0 | AT8: 50.86 | AV8: 1 | AW8: 2 | AX8: 64312602 | AY8: 1 | AZ8: 0 | BA8: 8 | BB8: 0 | BC8: 0 | BD8: 0 | BE8: 0 | BF8: 0 | BG8: 0 | BH8: 0 | BI8: 0 | BJ8: 0 | BK8: 0 | BL8: 0 | BM8: 0 | BN8: 0 | BO8: 0 | BP8: 0 | BQ8: 0 | BR8: 0 | BS8: 0 | BT8: 0 | BU8: 0 | BV8: 0 | BW8: 0 | CX8: =Y8*Source!I74 -> 101.72 | CY8: =AD8 -> 0 | CZ8: =AH8 -> 0 | DA8: =AL8 -> 1 | DB8: =ROUND(ROUND(AT8*CZ8,2),6) -> 0 | DC8: =ROUND(ROUND(AT8*AG8,2),6) -> 0
A9: =ROW(Source!A140) -> 140 | B9: 64312874 | C9: 64312661 | D9: 58823480 | E9: 25 | F9: 1 | G9: 25 | H9: 1 | I9: 9999990008 | K9: Трудозатраты рабочих | L9: 1191 | N9: 1013 | O9: чел.-ч. | P9: чел.-ч. | Q9: 1 | W9: 0 | X9: 476480486 | Y9: 145.81 | AA9: 0 | AB9: 0 | AC9: 0 | AD9: 0 | AE9: 0 | AF9: 0 | AG9: 0 | AH9: 0 | AI9: 1 | AJ9: 1 | AK9: 1 | AL9: 1 | AN9: 0 | AO9: 1 | AP9: 1 | AQ9: 0 | AR9: 0 | AT9: 20.83 | AU9: )*7 | AV9: 1 | AW9: 2 | AX9: 64312668 | AY9: 1 | AZ9: 0 | BA9: 9 | BB9: 0 | BC9: 0 | BD9: 0 | BE9: 0 | BF9: 0 | BG9: 0 | BH9: 0 | BI9: 0 | BJ9: 0 | BK9: 0 | BL9: 0 | BM9: 0 | BN9: 0 | BO9: 0 | BP9: 0 | BQ9: 0 | BR9: 0 | BS9: 0 | BT9: 0 | BU9: 0 | BV9: 0 | BW9: 0 | CX9: =Y9*Source!I140 -> 729.05 | CY9: =AD9 -> 0 | CZ9: =AH9 -> 0 | DA9: =AL9 -> 1 | DB9: =ROUND((ROUND(AT9*CZ9,2)*7),6) -> 0 | DC9: =ROUND((ROUND(AT9*AG9,2)*7),6) -> 0
A10: =ROW(Source!A141) -> 141 | B10: 64312874 | C10: 64312662 | D10: 58823480 | E10: 25 | F10: 1 | G10: 25 | H10: 1 | I10: 9999990008 | K10: Трудозатраты рабочих | L10: 1191 | N10: 1013 | O10: чел.-ч. | P10: чел.-ч. | Q10: 1 | W10: 0 | X10: 476480486 | Y10: 133.83 | AA10: 0 | AB10: 0 | AC10: 0 | AD10: 0 | AE10: 0 | AF10: 0 | AG10: 0 | AH10: 0 | AI10: 1 | AJ10: 1 | AK10: 1 | AL10: 1 | AN10: 0 | AO10: 1 | AP10: 1 | AQ10: 0 | AR10: 0 | AT10: 44.61 | AU10: )*3 | AV10: 1 | AW10: 2 | AX10: 64312667 | AY10: 1 | AZ10: 0 | BA10: 10 | BB10: 0 | BC10: 0 | BD10: 0 | BE10: 0 | BF10: 0 | BG10: 0 | BH10: 0 | BI10: 0 | BJ10: 0 | BK10: 0 | BL10: 0 | BM10: 0 | BN10: 0 | BO10: 0 | BP10: 0 | BQ10: 0 | BR10: 0 | BS10: 0 | BT10: 0 | BU10: 0 | BV10: 0 | BW10: 0 | CX10: =Y10*Source!I141 -> 669.15 | CY10: =AD10 -> 0 | CZ10: =AH10 -> 0 | DA10: =AL10 -> 1 | DB10: =ROUND((ROUND(AT10*CZ10,2)*3),6) -> 0 | DC10: =ROUND((ROUND(AT10*AG10,2)*3),6) -> 0
A11: =ROW(Source!A142) -> 142 | B11: 64312874 | C11: 64312663 | D11: 58823480 | E11: 25 | F11: 1 | G11: 25 | H11: 1 | I11: 9999990008 | K11: Трудозатраты рабочих | L11: 1191 | N11: 1013 | O11: чел.-ч. | P11: чел.-ч. | Q11: 1 | W11: 0 | X11: 476480486 | Y11: 60.59 | AA11: 0 | AB11: 0 | AC11: 0 | AD11: 0 | AE11: 0 | AF11: 0 | AG11: 0 | AH11: 0 | AI11: 1 | AJ11: 1 | AK11: 1 | AL11: 1 | AN11: 0 | AO11: 1 | AP11: 0 | AQ11: 0 | AR11: 0 | AT11: 60.59 | AV11: 1 | AW11: 2 | AX11: 64312666 | AY11: 1 | AZ11: 0 | BA11: 11 | BB11: 0 | BC11: 0 | BD11: 0 | BE11: 0 | BF11: 0 | BG11: 0 | BH11: 0 | BI11: 0 | BJ11: 0 | BK11: 0 | BL11: 0 | BM11: 0 | BN11: 0 | BO11: 0 | BP11: 0 | BQ11: 0 | BR11: 0 | BS11: 0 | BT11: 0 | BU11: 0 | BV11: 0 | BW11: 0 | CX11: =Y11*Source!I142 -> 302.95 | CY11: =AD11 -> 0 | CZ11: =AH11 -> 0 | DA11: =AL11 -> 1 | DB11: =ROUND(ROUND(AT11*CZ11,2),6) -> 0 | DC11: =ROUND(ROUND(AT11*AG11,2),6) -> 0
A12: =ROW(Source!A143) -> 143 | B12: 64312874 | C12: 64312664 | D12: 58823480 | E12: 25 | F12: 1 | G12: 25 | H12: 1 | I12: 9999990008 | K12: Трудозатраты рабочих | L12: 1191 | N12: 1013 | O12: чел.-ч. | P12: чел.-ч. | Q12: 1 | W12: 0 | X12: 476480486 | Y12: 85.32 | AA12: 0 | AB12: 0 | AC12: 0 | AD12: 0 | AE12: 0 | AF12: 0 | AG12: 0 | AH12: 0 | AI12: 1 | AJ12: 1 | AK12: 1 | AL12: 1 | AN12: 0 | AO12: 1 | AP12: 0 | AQ12: 0 | AR12: 0 | AT12: 85.32 | AV12: 1 | AW12: 2 | AX12: 64312665 | AY12: 1 | AZ12: 0 | BA12: 12 | BB12: 0 | BC12: 0 | BD12: 0 | BE12: 0 | BF12: 0 | BG12: 0 | BH12: 0 | BI12: 0 | BJ12: 0 | BK12: 0 | BL12: 0 | BM12: 0 | BN12: 0 | BO12: 0 | BP12: 0 | BQ12: 0 | BR12: 0 | BS12: 0 | BT12: 0 | BU12: 0 | BV12: 0 | BW12: 0 | CX12: =Y12*Source!I143 -> 426.6 | CY12: =AD12 -> 0 | CZ12: =AH12 -> 0 | DA12: =AL12 -> 1 | DB12: =ROUND(ROUND(AT12*CZ12,2),6) -> 0 | DC12: =ROUND(ROUND(AT12*AG12,2),6) -> 0
A13: =ROW(Source!A183) -> 183 | B13: 64312874 | C13: 64312784 | D13: 58823480 | E13: 25 | F13: 1 | G13: 25 | H13: 1 | I13: 9999990008 | K13: Трудозатраты рабочих | L13: 1191 | N13: 1013 | O13: чел.-ч. | P13: чел.-ч. | Q13: 1 | W13: 0 | X13: 476480486 | Y13: 125.09 | AA13: 0 | AB13: 0 | AC13: 0 | AD13: 0 | AE13: 0 | AF13: 0 | AG13: 0 | AH13: 0 | AI13: 1 | AJ13: 1 | AK13: 1 | AL13: 1 | AN13: 0 | AO13: 1 | AP13: 1 | AQ13: 0 | AR13: 0 | AT13: 17.87 | AU13: )*7 | AV13: 1 | AW13: 2 | AX13: 64312799 | AY13: 1 | AZ13: 0 | BA13: 13 | BB13: 0 | BC13: 0 | BD13: 0 | BE13: 0 | BF13: 0 | BG13: 0 | BH13: 0 | BI13: 0 | BJ13: 0 | BK13: 0 | BL13: 0 | BM13: 0 | BN13: 0 | BO13: 0 | BP13: 0 | BQ13: 0 | BR13: 0 | BS13: 0 | BT13: 0 | BU13: 0 | BV13: 0 | BW13: 0 | CX13: =Y13*Source!I183 -> 125.09 | CY13: =AD13 -> 0 | CZ13: =AH13 -> 0 | DA13: =AL13 -> 1 | DB13: =ROUND((ROUND(AT13*CZ13,2)*7),6) -> 0 | DC13: =ROUND((ROUND(AT13*AG13,2)*7),6) -> 0
A14: =ROW(Source!A184) -> 184 | B14: 64312874 | C14: 64312787 | D14: 58823480 | E14: 25 | F14: 1 | G14: 25 | H14: 1 | I14: 9999990008 | K14: Трудозатраты рабочих | L14: 1191 | N14: 1013 | O14: чел.-ч. | P14: чел.-ч. | Q14: 1 | W14: 0 | X14: 476480486 | Y14: 123.87 | AA14: 0 | AB14: 0 | AC14: 0 | AD14: 0 | AE14: 0 | AF14: 0 | AG14: 0 | AH14: 0 | AI14: 1 | AJ14: 1 | AK14: 1 | AL14: 1 | AN14: 0 | AO14: 1 | AP14: 1 | AQ14: 0 | AR14: 0 | AT14: 41.29 | AU14: )*3 | AV14: 1 | AW14: 2 | AX14: 64312798 | AY14: 1 | AZ14: 0 | BA14: 14 | BB14: 0 | BC14: 0 | BD14: 0 | BE14: 0 | BF14: 0 | BG14: 0 | BH14: 0 | BI14: 0 | BJ14: 0 | BK14: 0 | BL14: 0 | BM14: 0 | BN14: 0 | BO14: 0 | BP14: 0 | BQ14: 0 | BR14: 0 | BS14: 0 | BT14: 0 | BU14: 0 | BV14: 0 | BW14: 0 | CX14: =Y14*Source!I184 -> 123.87 | CY14: =AD14 -> 0 | CZ14: =AH14 -> 0 | DA14: =AL14 -> 1 | DB14: =ROUND((ROUND(AT14*CZ14,2)*3),6) -> 0 | DC14: =ROUND((ROUND(AT14*AG14,2)*3),6) -> 0
A15: =ROW(Source!A185) -> 185 | B15: 64312874 | C15: 64312790 | D15: 58823480 | E15: 25 | F15: 1 | G15: 25 | H15: 1 | I15: 9999990008 | K15: Трудозатраты рабочих | L15: 1191 | N15: 1013 | O15: чел.-ч. | P15: чел.-ч. | Q15: 1 | W15: 0 | X15: 476480486 | Y15: 56.31 | AA15: 0 | AB15: 0 | AC15: 0 | AD15: 0 | AE15: 0 | AF15: 0 | AG15: 0 | AH15: 0 | AI15: 1 | AJ15: 1 | AK15: 1 | AL15: 1 | AN15: 0 | AO15: 1 | AP15: 0 | AQ15: 0 | AR15: 0 | AT15: 56.31 | AV15: 1 | AW15: 2 | AX15: 64312797 | AY15: 1 | AZ15: 0 | BA15: 15 | BB15: 0 | BC15: 0 | BD15: 0 | BE15: 0 | BF15: 0 | BG15: 0 | BH15: 0 | BI15: 0 | BJ15: 0 | BK15: 0 | BL15: 0 | BM15: 0 | BN15: 0 | BO15: 0 | BP15: 0 | BQ15: 0 | BR15: 0 | BS15: 0 | BT15: 0 | BU15: 0 | BV15: 0 | BW15: 0 | CX15: =Y15*Source!I185 -> 56.31 | CY15: =AD15 -> 0 | CZ15: =AH15 -> 0 | DA15: =AL15 -> 1 | DB15: =ROUND(ROUND(AT15*CZ15,2),6) -> 0 | DC15: =ROUND(ROUND(AT15*AG15,2),6) -> 0
A16: =ROW(Source!A186) -> 186 | B16: 64312874 | C16: 64312793 | D16: 58823480 | E16: 25 | F16: 1 | G16: 25 | H16: 1 | I16: 9999990008 | K16: Трудозатраты рабочих | L16: 1191 | N16: 1013 | O16: чел.-ч. | P16: чел.-ч. | Q16: 1 | W16: 0 | X16: 476480486 | Y16: 78.6 | AA16: 0 | AB16: 0 | AC16: 0 | AD16: 0 | AE16: 0 | AF16: 0 | AG16: 0 | AH16: 0 | AI16: 1 | AJ16: 1 | AK16: 1 | AL16: 1 | AN16: 0 | AO16: 1 | AP16: 0 | AQ16: 0 | AR16: 0 | AT16: 78.6 | AV16: 1 | AW16: 2 | AX16: 64312796 | AY16: 1 | AZ16: 0 | BA16: 16 | BB16: 0 | BC16: 0 | BD16: 0 | BE16: 0 | BF16: 0 | BG16: 0 | BH16: 0 | BI16: 0 | BJ16: 0 | BK16: 0 | BL16: 0 | BM16: 0 | BN16: 0 | BO16: 0 | BP16: 0 | BQ16: 0 | BR16: 0 | BS16: 0 | BT16: 0 | BU16: 0 | BV16: 0 | BW16: 0 | CX16: =Y16*Source!I186 -> 78.6 | CY16: =AD16 -> 0 | CZ16: =AH16 -> 0 | DA16: =AL16 -> 1 | DB16: =ROUND(ROUND(AT16*CZ16,2),6) -> 0 | DC16: =ROUND(ROUND(AT16*AG16,2),6) -> 0
A17: =ROW(Source!A222) -> 222 | B17: 64312874 | C17: 64312857 | D17: 58823480 | E17: 25 | F17: 1 | G17: 25 | H17: 1 | I17: 9999990008 | K17: Трудозатраты рабочих | L17: 1191 | N17: 1013 | O17: чел.-ч. | P17: чел.-ч. | Q17: 1 | W17: 0 | X17: 476480486 | Y17: 59.29 | AA17: 0 | AB17: 0 | AC17: 0 | AD17: 0 | AE17: 0 | AF17: 0 | AG17: 0 | AH17: 0 | AI17: 1 | AJ17: 1 | AK17: 1 | AL17: 1 | AN17: 0 | AO17: 1 | AP17: 1 | AQ17: 0 | AR17: 0 | AT17: 8.47 | AU17: )*7 | AV17: 1 | AW17: 2 | AX17: 64312872 | AY17: 1 | AZ17: 0 | BA17: 17 | BB17: 0 | BC17: 0 | BD17: 0 | BE17: 0 | BF17: 0 | BG17: 0 | BH17: 0 | BI17: 0 | BJ17: 0 | BK17: 0 | BL17: 0 | BM17: 0 | BN17: 0 | BO17: 0 | BP17: 0 | BQ17: 0 | BR17: 0 | BS17: 0 | BT17: 0 | BU17: 0 | BV17: 0 | BW17: 0 | CX17: =Y17*Source!I222 -> 118.58 | CY17: =AD17 -> 0 | CZ17: =AH17 -> 0 | DA17: =AL17 -> 1 | DB17: =ROUND((ROUND(AT17*CZ17,2)*7),6) -> 0 | DC17: =ROUND((ROUND(AT17*AG17,2)*7),6) -> 0
A18: =ROW(Source!A223) -> 223 | B18: 64312874 | C18: 64312860 | D18: 58823480 | E18: 25 | F18: 1 | G18: 25 | H18: 1 | I18: 9999990008 | K18: Трудозатраты рабочих | L18: 1191 | N18: 1013 | O18: чел.-ч. | P18: чел.-ч. | Q18: 1 | W18: 0 | X18: 476480486 | Y18: 66.66 | AA18: 0 | AB18: 0 | AC18: 0 | AD18: 0 | AE18: 0 | AF18: 0 | AG18: 0 | AH18: 0 | AI18: 1 | AJ18: 1 | AK18: 1 | AL18: 1 | AN18: 0 | AO18: 1 | AP18: 1 | AQ18: 0 | AR18: 0 | AT18: 22.22 | AU18: )*3 | AV18: 1 | AW18: 2 | AX18: 64312871 | AY18: 1 | AZ18: 0 | BA18: 18 | BB18: 0 | BC18: 0 | BD18: 0 | BE18: 0 | BF18: 0 | BG18: 0 | BH18: 0 | BI18: 0 | BJ18: 0 | BK18: 0 | BL18: 0 | BM18: 0 | BN18: 0 | BO18: 0 | BP18: 0 | BQ18: 0 | BR18: 0 | BS18: 0 | BT18: 0 | BU18: 0 | BV18: 0 | BW18: 0 | CX18: =Y18*Source!I223 -> 133.32 | CY18: =AD18 -> 0 | CZ18: =AH18 -> 0 | DA18: =AL18 -> 1 | DB18: =ROUND((ROUND(AT18*CZ18,2)*3),6) -> 0 | DC18: =ROUND((ROUND(AT18*AG18,2)*3),6) -> 0
A19: =ROW(Source!A224) -> 224 | B19: 64312874 | C19: 64312863 | D19: 58823480 | E19: 25 | F19: 1 | G19: 25 | H19: 1 | I19: 9999990008 | K19: Трудозатраты рабочих | L19: 1191 | N19: 1013 | O19: чел.-ч. | P19: чел.-ч. | Q19: 1 | W19: 0 | X19: 476480486 | Y19: 32.24 | AA19: 0 | AB19: 0 | AC19: 0 | AD19: 0 | AE19: 0 | AF19: 0 | AG19: 0 | AH19: 0 | AI19: 1 | AJ19: 1 | AK19: 1 | AL19: 1 | AN19: 0 | AO19: 1 | AP19: 0 | AQ19: 0 | AR19: 0 | AT19: 32.24 | AV19: 1 | AW19: 2 | AX19: 64312870 | AY19: 1 | AZ19: 0 | BA19: 19 | BB19: 0 | BC19: 0 | BD19: 0 | BE19: 0 | BF19: 0 | BG19: 0 | BH19: 0 | BI19: 0 | BJ19: 0 | BK19: 0 | BL19: 0 | BM19: 0 | BN19: 0 | BO19: 0 | BP19: 0 | BQ19: 0 | BR19: 0 | BS19: 0 | BT19: 0 | BU19: 0 | BV19: 0 | BW19: 0 | CX19: =Y19*Source!I224 -> 64.48 | CY19: =AD19 -> 0 | CZ19: =AH19 -> 0 | DA19: =AL19 -> 1 | DB19: =ROUND(ROUND(AT19*CZ19,2),6) -> 0 | DC19: =ROUND(ROUND(AT19*AG19,2),6) -> 0
A20: =ROW(Source!A225) -> 225 | B20: 64312874 | C20: 64312866 | D20: 58823480 | E20: 25 | F20: 1 | G20: 25 | H20: 1 | I20: 9999990008 | K20: Трудозатраты рабочих | L20: 1191 | N20: 1013 | O20: чел.-ч. | P20: чел.-ч. | Q20: 1 | W20: 0 | X20: 476480486 | Y20: 43.78 | AA20: 0 | AB20: 0 | AC20: 0 | AD20: 0 | AE20: 0 | AF20: 0 | AG20: 0 | AH20: 0 | AI20: 1 | AJ20: 1 | AK20: 1 | AL20: 1 | AN20: 0 | AO20: 1 | AP20: 0 | AQ20: 0 | AR20: 0 | AT20: 43.78 | AV20: 1 | AW20: 2 | AX20: 64312869 | AY20: 1 | AZ20: 0 | BA20: 20 | BB20: 0 | BC20: 0 | BD20: 0 | BE20: 0 | BF20: 0 | BG20: 0 | BH20: 0 | BI20: 0 | BJ20: 0 | BK20: 0 | BL20: 0 | BM20: 0 | BN20: 0 | BO20: 0 | BP20: 0 | BQ20: 0 | BR20: 0 | BS20: 0 | BT20: 0 | BU20: 0 | BV20: 0 | BW20: 0 | CX20: =Y20*Source!I225 -> 87.56 | CY20: =AD20 -> 0 | CZ20: =AH20 -> 0 | DA20: =AL20 -> 1 | DB20: =ROUND(ROUND(AT20*CZ20,2),6) -> 0 | DC20: =ROUND(ROUND(AT20*AG20,2),6) -> 0
A21: =ROW(Source!A291) -> 291 | B21: 64312874 | C21: 64312933 | D21: 58823480 | E21: 25 | F21: 1 | G21: 25 | H21: 1 | I21: 9999990008 | K21: Трудозатраты рабочих | L21: 1191 | N21: 1013 | O21: чел.-ч. | P21: чел.-ч. | Q21: 1 | W21: 0 | X21: 476480486 | Y21: 104.37 | AA21: 0 | AB21: 0 | AC21: 0 | AD21: 0 | AE21: 0 | AF21: 0 | AG21: 0 | AH21: 0 | AI21: 1 | AJ21: 1 | AK21: 1 | AL21: 1 | AN21: 0 | AO21: 1 | AP21: 1 | AQ21: 0 | AR21: 0 | AT21: 14.91 | AU21: )*7 | AV21: 1 | AW21: 2 | AX21: 64312940 | AY21: 1 | AZ21: 0 | BA21: 21 | BB21: 0 | BC21: 0 | BD21: 0 | BE21: 0 | BF21: 0 | BG21: 0 | BH21: 0 | BI21: 0 | BJ21: 0 | BK21: 0 | BL21: 0 | BM21: 0 | BN21: 0 | BO21: 0 | BP21: 0 | BQ21: 0 | BR21: 0 | BS21: 0 | BT21: 0 | BU21: 0 | BV21: 0 | BW21: 0 | CX21: =Y21*Source!I291 -> 521.85 | CY21: =AD21 -> 0 | CZ21: =AH21 -> 0 | DA21: =AL21 -> 1 | DB21: =ROUND((ROUND(AT21*CZ21,2)*7),6) -> 0 | DC21: =ROUND((ROUND(AT21*AG21,2)*7),6) -> 0
A22: =ROW(Source!A292) -> 292 | B22: 64312874 | C22: 64312934 | D22: 58823480 | E22: 25 | F22: 1 | G22: 25 | H22: 1 | I22: 9999990008 | K22: Трудозатраты рабочих | L22: 1191 | N22: 1013 | O22: чел.-ч. | P22: чел.-ч. | Q22: 1 | W22: 0 | X22: 476480486 | Y22: 113.91 | AA22: 0 | AB22: 0 | AC22: 0 | AD22: 0 | AE22: 0 | AF22: 0 | AG22: 0 | AH22: 0 | AI22: 1 | AJ22: 1 | AK22: 1 | AL22: 1 | AN22: 0 | AO22: 1 | AP22: 1 | AQ22: 0 | AR22: 0 | AT22: 37.97 | AU22: )*3 | AV22: 1 | AW22: 2 | AX22: 64312939 | AY22: 1 | AZ22: 0 | BA22: 22 | BB22: 0 | BC22: 0 | BD22: 0 | BE22: 0 | BF22: 0 | BG22: 0 | BH22: 0 | BI22: 0 | BJ22: 0 | BK22: 0 | BL22: 0 | BM22: 0 | BN22: 0 | BO22: 0 | BP22: 0 | BQ22: 0 | BR22: 0 | BS22: 0 | BT22: 0 | BU22: 0 | BV22: 0 | BW22: 0 | CX22: =Y22*Source!I292 -> 569.55 | CY22: =AD22 -> 0 | CZ22: =AH22 -> 0 | DA22: =AL22 -> 1 | DB22: =ROUND((ROUND(AT22*CZ22,2)*3),6) -> 0 | DC22: =ROUND((ROUND(AT22*AG22,2)*3),6) -> 0
A23: =ROW(Source!A293) -> 293 | B23: 64312874 | C23: 64312935 | D23: 58823480 | E23: 25 | F23: 1 | G23: 25 | H23: 1 | I23: 9999990008 | K23: Трудозатраты рабочих | L23: 1191 | N23: 1013 | O23: чел.-ч. | P23: чел.-ч. | Q23: 1 | W23: 0 | X23: 476480486 | Y23: 52.03 | AA23: 0 | AB23: 0 | AC23: 0 | AD23: 0 | AE23: 0 | AF23: 0 | AG23: 0 | AH23: 0 | AI23: 1 | AJ23: 1 | AK23: 1 | AL23: 1 | AN23: 0 | AO23: 1 | AP23: 0 | AQ23: 0 | AR23: 0 | AT23: 52.03 | AV23: 1 | AW23: 2 | AX23: 64312938 | AY23: 1 | AZ23: 0 | BA23: 23 | BB23: 0 | BC23: 0 | BD23: 0 | BE23: 0 | BF23: 0 | BG23: 0 | BH23: 0 | BI23: 0 | BJ23: 0 | BK23: 0 | BL23: 0 | BM23: 0 | BN23: 0 | BO23: 0 | BP23: 0 | BQ23: 0 | BR23: 0 | BS23: 0 | BT23: 0 | BU23: 0 | BV23: 0 | BW23: 0 | CX23: =Y23*Source!I293 -> 260.15 | CY23: =AD23 -> 0 | CZ23: =AH23 -> 0 | DA23: =AL23 -> 1 | DB23: =ROUND(ROUND(AT23*CZ23,2),6) -> 0 | DC23: =ROUND(ROUND(AT23*AG23,2),6) -> 0
A24: =ROW(Source!A294) -> 294 | B24: 64312874 | C24: 64312936 | D24: 58823480 | E24: 25 | F24: 1 | G24: 25 | H24: 1 | I24: 9999990008 | K24: Трудозатраты рабочих | L24: 1191 | N24: 1013 | O24: чел.-ч. | P24: чел.-ч. | Q24: 1 | W24: 0 | X24: 476480486 | Y24: 71.88 | AA24: 0 | AB24: 0 | AC24: 0 | AD24: 0 | AE24: 0 | AF24: 0 | AG24: 0 | AH24: 0 | AI24: 1 | AJ24: 1 | AK24: 1 | AL24: 1 | AN24: 0 | AO24: 1 | AP24: 0 | AQ24: 0 | AR24: 0 | AT24: 71.88 | AV24: 1 | AW24: 2 | AX24: 64312937 | AY24: 1 | AZ24: 0 | BA24: 24 | BB24: 0 | BC24: 0 | BD24: 0 | BE24: 0 | BF24: 0 | BG24: 0 | BH24: 0 | BI24: 0 | BJ24: 0 | BK24: 0 | BL24: 0 | BM24: 0 | BN24: 0 | BO24: 0 | BP24: 0 | BQ24: 0 | BR24: 0 | BS24: 0 | BT24: 0 | BU24: 0 | BV24: 0 | BW24: 0 | CX24: =Y24*Source!I294 -> 359.4 | CY24: =AD24 -> 0 | CZ24: =AH24 -> 0 | DA24: =AL24 -> 1 | DB24: =ROUND(ROUND(AT24*CZ24,2),6) -> 0 | DC24: =ROUND(ROUND(AT24*AG24,2),6) -> 0
A25: =ROW(Source!A330) -> 330 | B25: 64312874 | C25: 64312999 | D25: 58823480 | E25: 25 | F25: 1 | G25: 25 | H25: 1 | I25: 9999990008 | K25: Трудозатраты рабочих | L25: 1191 | N25: 1013 | O25: чел.-ч. | P25: чел.-ч. | Q25: 1 | W25: 0 | X25: 476480486 | Y25: 17.36 | AA25: 0 | AB25: 0 | AC25: 0 | AD25: 0 | AE25: 0 | AF25: 0 | AG25: 0 | AH25: 0 | AI25: 1 | AJ25: 1 | AK25: 1 | AL25: 1 | AN25: 0 | AO25: 1 | AP25: 1 | AQ25: 0 | AR25: 0 | AT25: 2.48 | AU25: )*7 | AV25: 1 | AW25: 2 | AX25: 64313004 | AY25: 1 | AZ25: 0 | BA25: 25 | BB25: 0 | BC25: 0 | BD25: 0 | BE25: 0 | BF25: 0 | BG25: 0 | BH25: 0 | BI25: 0 | BJ25: 0 | BK25: 0 | BL25: 0 | BM25: 0 | BN25: 0 | BO25: 0 | BP25: 0 | BQ25: 0 | BR25: 0 | BS25: 0 | BT25: 0 | BU25: 0 | BV25: 0 | BW25: 0 | CX25: =Y25*Source!I330 -> 104.16 | CY25: =AD25 -> 0 | CZ25: =AH25 -> 0 | DA25: =AL25 -> 1 | DB25: =ROUND((ROUND(AT25*CZ25,2)*7),6) -> 0 | DC25: =ROUND((ROUND(AT25*AG25,2)*7),6) -> 0
A26: =ROW(Source!A331) -> 331 | B26: 64312874 | C26: 64313000 | D26: 58823480 | E26: 25 | F26: 1 | G26: 25 | H26: 1 | I26: 9999990008 | K26: Трудозатраты рабочих | L26: 1191 | N26: 1013 | O26: чел.-ч. | P26: чел.-ч. | Q26: 1 | W26: 0 | X26: 476480486 | Y26: 15.6 | AA26: 0 | AB26: 0 | AC26: 0 | AD26: 0 | AE26: 0 | AF26: 0 | AG26: 0 | AH26: 0 | AI26: 1 | AJ26: 1 | AK26: 1 | AL26: 1 | AN26: 0 | AO26: 1 | AP26: 1 | AQ26: 0 | AR26: 0 | AT26: 5.2 | AU26: )*3 | AV26: 1 | AW26: 2 | AX26: 64313005 | AY26: 1 | AZ26: 0 | BA26: 26 | BB26: 0 | BC26: 0 | BD26: 0 | BE26: 0 | BF26: 0 | BG26: 0 | BH26: 0 | BI26: 0 | BJ26: 0 | BK26: 0 | BL26: 0 | BM26: 0 | BN26: 0 | BO26: 0 | BP26: 0 | BQ26: 0 | BR26: 0 | BS26: 0 | BT26: 0 | BU26: 0 | BV26: 0 | BW26: 0 | CX26: =Y26*Source!I331 -> 93.6 | CY26: =AD26 -> 0 | CZ26: =AH26 -> 0 | DA26: =AL26 -> 1 | DB26: =ROUND((ROUND(AT26*CZ26,2)*3),6) -> 0 | DC26: =ROUND((ROUND(AT26*AG26,2)*3),6) -> 0
A27: =ROW(Source!A332) -> 332 | B27: 64312874 | C27: 64313001 | D27: 58823480 | E27: 25 | F27: 1 | G27: 25 | H27: 1 | I27: 9999990008 | K27: Трудозатраты рабочих | L27: 1191 | N27: 1013 | O27: чел.-ч. | P27: чел.-ч. | Q27: 1 | W27: 0 | X27: 476480486 | Y27: 10.22 | AA27: 0 | AB27: 0 | AC27: 0 | AD27: 0 | AE27: 0 | AF27: 0 | AG27: 0 | AH27: 0 | AI27: 1 | AJ27: 1 | AK27: 1 | AL27: 1 | AN27: 0 | AO27: 1 | AP27: 0 | AQ27: 0 | AR27: 0 | AT27: 10.22 | AV27: 1 | AW27: 2 | AX27: 64313006 | AY27: 1 | AZ27: 0 | BA27: 27 | BB27: 0 | BC27: 0 | BD27: 0 | BE27: 0 | BF27: 0 | BG27: 0 | BH27: 0 | BI27: 0 | BJ27: 0 | BK27: 0 | BL27: 0 | BM27: 0 | BN27: 0 | BO27: 0 | BP27: 0 | BQ27: 0 | BR27: 0 | BS27: 0 | BT27: 0 | BU27: 0 | BV27: 0 | BW27: 0 | CX27: =Y27*Source!I332 -> 61.32 | CY27: =AD27 -> 0 | CZ27: =AH27 -> 0 | DA27: =AL27 -> 1 | DB27: =ROUND(ROUND(AT27*CZ27,2),6) -> 0 | DC27: =ROUND(ROUND(AT27*AG27,2),6) -> 0
A28: =ROW(Source!A333) -> 333 | B28: 64312874 | C28: 64313002 | D28: 58823480 | E28: 25 | F28: 1 | G28: 25 | H28: 1 | I28: 9999990008 | K28: Трудозатраты рабочих | L28: 1191 | N28: 1013 | O28: чел.-ч. | P28: чел.-ч. | Q28: 1 | W28: 0 | X28: 476480486 | Y28: 10.72 | AA28: 0 | AB28: 0 | AC28: 0 | AD28: 0 | AE28: 0 | AF28: 0 | AG28: 0 | AH28: 0 | AI28: 1 | AJ28: 1 | AK28: 1 | AL28: 1 | AN28: 0 | AO28: 1 | AP28: 0 | AQ28: 0 | AR28: 0 | AT28: 10.72 | AV28: 1 | AW28: 2 | AX28: 64313003 | AY28: 1 | AZ28: 0 | BA28: 28 | BB28: 0 | BC28: 0 | BD28: 0 | BE28: 0 | BF28: 0 | BG28: 0 | BH28: 0 | BI28: 0 | BJ28: 0 | BK28: 0 | BL28: 0 | BM28: 0 | BN28: 0 | BO28: 0 | BP28: 0 | BQ28: 0 | BR28: 0 | BS28: 0 | BT28: 0 | BU28: 0 | BV28: 0 | BW28: 0 | CX28: =Y28*Source!I333 -> 64.32 | CY28: =AD28 -> 0 | CZ28: =AH28 -> 0 | DA28: =AL28 -> 1 | DB28: =ROUND(ROUND(AT28*CZ28,2),6) -> 0 | DC28: =ROUND(ROUND(AT28*AG28,2),6) -> 0
A29: =ROW(Source!A369) -> 369 | B29: 64312874 | C29: 64313065 | D29: 58823480 | E29: 25 | F29: 1 | G29: 25 | H29: 1 | I29: 9999990008 | K29: Трудозатраты рабочих | L29: 1191 | N29: 1013 | O29: чел.-ч. | P29: чел.-ч. | Q29: 1 | W29: 0 | X29: 476480486 | Y29: 24.64 | AA29: 0 | AB29: 0 | AC29: 0 | AD29: 0 | AE29: 0 | AF29: 0 | AG29: 0 | AH29: 0 | AI29: 1 | AJ29: 1 | AK29: 1 | AL29: 1 | AN29: 0 | AO29: 1 | AP29: 0 | AQ29: 0 | AR29: 0 | AT29: 24.64 | AV29: 1 | AW29: 2 | AX29: 64313068 | AY29: 1 | AZ29: 0 | BA29: 29 | BB29: 0 | BC29: 0 | BD29: 0 | BE29: 0 | BF29: 0 | BG29: 0 | BH29: 0 | BI29: 0 | BJ29: 0 | BK29: 0 | BL29: 0 | BM29: 0 | BN29: 0 | BO29: 0 | BP29: 0 | BQ29: 0 | BR29: 0 | BS29: 0 | BT29: 0 | BU29: 0 | BV29: 0 | BW29: 0 | CX29: =Y29*Source!I369 -> 739.2 | CY29: =AD29 -> 0 | CZ29: =AH29 -> 0 | DA29: =AL29 -> 1 | DB29: =ROUND(ROUND(AT29*CZ29,2),6) -> 0 | DC29: =ROUND(ROUND(AT29*AG29,2),6) -> 0
A30: =ROW(Source!A370) -> 370 | B30: 64312874 | C30: 64313066 | D30: 58823480 | E30: 25 | F30: 1 | G30: 25 | H30: 1 | I30: 9999990008 | K30: Трудозатраты рабочих | L30: 1191 | N30: 1013 | O30: чел.-ч. | P30: чел.-ч. | Q30: 1 | W30: 0 | X30: 476480486 | Y30: 2.1 | AA30: 0 | AB30: 0 | AC30: 0 | AD30: 0 | AE30: 0 | AF30: 0 | AG30: 0 | AH30: 0 | AI30: 1 | AJ30: 1 | AK30: 1 | AL30: 1 | AN30: 0 | AO30: 1 | AP30: 1 | AQ30: 0 | AR30: 0 | AT30: 2.1 | AV30: 1 | AW30: 2 | AX30: 64313067 | AY30: 1 | AZ30: 0 | BA30: 30 | BB30: 0 | BC30: 0 | BD30: 0 | BE30: 0 | BF30: 0 | BG30: 0 | BH30: 0 | BI30: 0 | BJ30: 0 | BK30: 0 | BL30: 0 | BM30: 0 | BN30: 0 | BO30: 0 | BP30: 0 | BQ30: 0 | BR30: 0 | BS30: 0 | BT30: 0 | BU30: 0 | BV30: 0 | BW30: 0 | CX30: =Y30*Source!I370 -> 220.5 | CY30: =AD30 -> 0 | CZ30: =AH30 -> 0 | DA30: =AL30 -> 1 | DB30: =ROUND(ROUND(AT30*CZ30,2),6) -> 0 | DC30: =ROUND(ROUND(AT30*AG30,2),6) -> 0

Sheet EtalonRes
A1: =ROW(Source!A32) -> 32 | B1: 64313072 | C1: 64312526 | D1: 58823480 | E1: 25 | F1: 1 | G1: 25 | H1: 1 | I1: 9999990008 | K1: Трудозатраты рабочих | L1: 1191 | N1: 1013 | O1: чел.-ч. | P1: чел.-ч. | Q1: 1 | X1: 22.31 | Y1: 0 | Z1: 0 | AA1: 0 | AB1: 0 | AC1: 0 | AD1: 1 | AE1: 1 | AF1: )*7 | AG1: 156.17 | AH1: 2 | AI1: 64313072 | AJ1: 1 | AK1: 0 | AL1: 0 | AM1: 0 | AN1: 0 | AO1: 0 | AP1: 0 | AQ1: 0 | AR1: 0
A2: =ROW(Source!A33) -> 33 | B2: 64312531 | C2: 64312530 | D2: 58823480 | E2: 25 | F2: 1 | G2: 25 | H2: 1 | I2: 9999990008 | K2: Трудозатраты рабочих | L2: 1191 | N2: 1013 | O2: чел.-ч. | P2: чел.-ч. | Q2: 1 | X2: 46.27 | Y2: 0 | Z2: 0 | AA2: 0 | AB2: 0 | AC2: 0 | AD2: 1 | AE2: 1 | AF2: )*3 | AG2: 138.81 | AH2: 2 | AI2: 64312531 | AJ2: 2 | AK2: 0 | AL2: 0 | AM2: 0 | AN2: 0 | AO2: 0 | AP2: 0 | AQ2: 0 | AR2: 0
A3: =ROW(Source!A34) -> 34 | B3: 64312533 | C3: 64312532 | D3: 58823480 | E3: 25 | F3: 1 | G3: 25 | H3: 1 | I3: 9999990008 | K3: Трудозатраты рабочих | L3: 1191 | N3: 1013 | O3: чел.-ч. | P3: чел.-ч. | Q3: 1 | X3: 62.73 | Y3: 0 | Z3: 0 | AA3: 0 | AB3: 0 | AC3: 0 | AD3: 1 | AE3: 1 | AG3: 62.73 | AH3: 2 | AI3: 64312533 | AJ3: 3 | AK3: 0 | AL3: 0 | AM3: 0 | AN3: 0 | AO3: 0 | AP3: 0 | AQ3: 0 | AR3: 0
A4: =ROW(Source!A35) -> 35 | B4: 64312535 | C4: 64312534 | D4: 58823480 | E4: 25 | F4: 1 | G4: 25 | H4: 1 | I4: 9999990008 | K4: Трудозатраты рабочих | L4: 1191 | N4: 1013 | O4: чел.-ч. | P4: чел.-ч. | Q4: 1 | X4: 88.68 | Y4: 0 | Z4: 0 | AA4: 0 | AB4: 0 | AC4: 0 | AD4: 1 | AE4: 1 | AG4: 88.68 | AH4: 2 | AI4: 64312535 | AJ4: 4 | AK4: 0 | AL4: 0 | AM4: 0 | AN4: 0 | AO4: 0 | AP4: 0 | AQ4: 0 | AR4: 0
A5: =ROW(Source!A71) -> 71 | B5: 64312596 | C5: 64312595 | D5: 58823480 | E5: 25 | F5: 1 | G5: 25 | H5: 1 | I5: 9999990008 | K5: Трудозатраты рабочих | L5: 1191 | N5: 1013 | O5: чел.-ч. | P5: чел.-ч. | Q5: 1 | X5: 10.69 | Y5: 0 | Z5: 0 | AA5: 0 | AB5: 0 | AC5: 0 | AD5: 1 | AE5: 1 | AF5: )*7 | AG5: 74.83 | AH5: 2 | AI5: 64312596 | AJ5: 5 | AK5: 0 | AL5: 0 | AM5: 0 | AN5: 0 | AO5: 0 | AP5: 0 | AQ5: 0 | AR5: 0
A6: =ROW(Source!A72) -> 72 | B6: 64312598 | C6: 64312597 | D6: 58823480 | E6: 25 | F6: 1 | G6: 25 | H6: 1 | I6: 9999990008 | K6: Трудозатраты рабочих | L6: 1191 | N6: 1013 | O6: чел.-ч. | P6: чел.-ч. | Q6: 1 | X6: 24.98 | Y6: 0 | Z6: 0 | AA6: 0 | AB6: 0 | AC6: 0 | AD6: 1 | AE6: 1 | AF6: )*3 | AG6: 74.94 | AH6: 2 | AI6: 64312598 | AJ6: 6 | AK6: 0 | AL6: 0 | AM6: 0 | AN6: 0 | AO6: 0 | AP6: 0 | AQ6: 0 | AR6: 0
A7: =ROW(Source!A73) -> 73 | B7: 64312600 | C7: 64312599 | D7: 58823480 | E7: 25 | F7: 1 | G7: 25 | H7: 1 | I7: 9999990008 | K7: Трудозатраты рабочих | L7: 1191 | N7: 1013 | O7: чел.-ч. | P7: чел.-ч. | Q7: 1 | X7: 36.2 | Y7: 0 | Z7: 0 | AA7: 0 | AB7: 0 | AC7: 0 | AD7: 1 | AE7: 1 | AG7: 36.2 | AH7: 2 | AI7: 64312600 | AJ7: 7 | AK7: 0 | AL7: 0 | AM7: 0 | AN7: 0 | AO7: 0 | AP7: 0 | AQ7: 0 | AR7: 0
A8: =ROW(Source!A74) -> 74 | B8: 64312602 | C8: 64312601 | D8: 58823480 | E8: 25 | F8: 1 | G8: 25 | H8: 1 | I8: 9999990008 | K8: Трудозатраты рабочих | L8: 1191 | N8: 1013 | O8: чел.-ч. | P8: чел.-ч. | Q8: 1 | X8: 50.86 | Y8: 0 | Z8: 0 | AA8: 0 | AB8: 0 | AC8: 0 | AD8: 1 | AE8: 1 | AG8: 50.86 | AH8: 2 | AI8: 64312602 | AJ8: 8 | AK8: 0 | AL8: 0 | AM8: 0 | AN8: 0 | AO8: 0 | AP8: 0 | AQ8: 0 | AR8: 0
A9: =ROW(Source!A140) -> 140 | B9: 64312668 | C9: 64312661 | D9: 58823480 | E9: 25 | F9: 1 | G9: 25 | H9: 1 | I9: 9999990008 | K9: Трудозатраты рабочих | L9: 1191 | N9: 1013 | O9: чел.-ч. | P9: чел.-ч. | Q9: 1 | X9: 20.83 | Y9: 0 | Z9: 0 | AA9: 0 | AB9: 0 | AC9: 0 | AD9: 1 | AE9: 1 | AF9: )*7 | AG9: 145.81 | AH9: 2 | AI9: 64312668 | AJ9: 9 | AK9: 0 | AL9: 0 | AM9: 0 | AN9: 0 | AO9: 0 | AP9: 0 | AQ9: 0 | AR9: 0
A10: =ROW(Source!A141) -> 141 | B10: 64312667 | C10: 64312662 | D10: 58823480 | E10: 25 | F10: 1 | G10: 25 | H10: 1 | I10: 9999990008 | K10: Трудозатраты рабочих | L10: 1191 | N10: 1013 | O10: чел.-ч. | P10: чел.-ч. | Q10: 1 | X10: 44.61 | Y10: 0 | Z10: 0 | AA10: 0 | AB10: 0 | AC10: 0 | AD10: 1 | AE10: 1 | AF10: )*3 | AG10: 133.83 | AH10: 2 | AI10: 64312667 | AJ10: 10 | AK10: 0 | AL10: 0 | AM10: 0 | AN10: 0 | AO10: 0 | AP10: 0 | AQ10: 0 | AR10: 0
A11: =ROW(Source!A142) -> 142 | B11: 64312666 | C11: 64312663 | D11: 58823480 | E11: 25 | F11: 1 | G11: 25 | H11: 1 | I11: 9999990008 | K11: Трудозатраты рабочих | L11: 1191 | N11: 1013 | O11: чел.-ч. | P11: чел.-ч. | Q11: 1 | X11: 60.59 | Y11: 0 | Z11: 0 | AA11: 0 | AB11: 0 | AC11: 0 | AD11: 1 | AE11: 1 | AG11: 60.59 | AH11: 2 | AI11: 64312666 | AJ11: 11 | AK11: 0 | AL11: 0 | AM11: 0 | AN11: 0 | AO11: 0 | AP11: 0 | AQ11: 0 | AR11: 0
A12: =ROW(Source!A143) -> 143 | B12: 64312665 | C12: 64312664 | D12: 58823480 | E12: 25 | F12: 1 | G12: 25 | H12: 1 | I12: 9999990008 | K12: Трудозатраты рабочих | L12: 1191 | N12: 1013 | O12: чел.-ч. | P12: чел.-ч. | Q12: 1 | X12: 85.32 | Y12: 0 | Z12: 0 | AA12: 0 | AB12: 0 | AC12: 0 | AD12: 1 | AE12: 1 | AG12: 85.32 | AH12: 2 | AI12: 64312665 | AJ12: 12 | AK12: 0 | AL12: 0 | AM12: 0 | AN12: 0 | AO12: 0 | AP12: 0 | AQ12: 0 | AR12: 0
A13: =ROW(Source!A183) -> 183 | B13: 64312799 | C13: 64312784 | D13: 58823480 | E13: 25 | F13: 1 | G13: 25 | H13: 1 | I13: 9999990008 | K13: Трудозатраты рабочих | L13: 1191 | N13: 1013 | O13: чел.-ч. | P13: чел.-ч. | Q13: 1 | X13: 17.87 | Y13: 0 | Z13: 0 | AA13: 0 | AB13: 0 | AC13: 0 | AD13: 1 | AE13: 1 | AF13: )*7 | AG13: 125.09 | AH13: 2 | AI13: 64312799 | AJ13: 13 | AK13: 0 | AL13: 0 | AM13: 0 | AN13: 0 | AO13: 0 | AP13: 0 | AQ13: 0 | AR13: 0
A14: =ROW(Source!A184) -> 184 | B14: 64312798 | C14: 64312787 | D14: 58823480 | E14: 25 | F14: 1 | G14: 25 | H14: 1 | I14: 9999990008 | K14: Трудозатраты рабочих | L14: 1191 | N14: 1013 | O14: чел.-ч. | P14: чел.-ч. | Q14: 1 | X14: 41.29 | Y14: 0 | Z14: 0 | AA14: 0 | AB14: 0 | AC14: 0 | AD14: 1 | AE14: 1 | AF14: )*3 | AG14: 123.87 | AH14: 2 | AI14: 64312798 | AJ14: 14 | AK14: 0 | AL14: 0 | AM14: 0 | AN14: 0 | AO14: 0 | AP14: 0 | AQ14: 0 | AR14: 0
A15: =ROW(Source!A185) -> 185 | B15: 64312797 | C15: 64312790 | D15: 58823480 | E15: 25 | F15: 1 | G15: 25 | H15: 1 | I15: 9999990008 | K15: Трудозатраты рабочих | L15: 1191 | N15: 1013 | O15: чел.-ч. | P15: чел.-ч. | Q15: 1 | X15: 56.31 | Y15: 0 | Z15: 0 | AA15: 0 | AB15: 0 | AC15: 0 | AD15: 1 | AE15: 1 | AG15: 56.31 | AH15: 2 | AI15: 64312797 | AJ15: 15 | AK15: 0 | AL15: 0 | AM15: 0 | AN15: 0 | AO15: 0 | AP15: 0 | AQ15: 0 | AR15: 0
A16: =ROW(Source!A186) -> 186 | B16: 64312796 | C16: 64312793 | D16: 58823480 | E16: 25 | F16: 1 | G16: 25 | H16: 1 | I16: 9999990008 | K16: Трудозатраты рабочих | L16: 1191 | N16: 1013 | O16: чел.-ч. | P16: чел.-ч. | Q16: 1 | X16: 78.6 | Y16: 0 | Z16: 0 | AA16: 0 | AB16: 0 | AC16: 0 | AD16: 1 | AE16: 1 | AG16: 78.6 | AH16: 2 | AI16: 64312796 | AJ16: 16 | AK16: 0 | AL16: 0 | AM16: 0 | AN16: 0 | AO16: 0 | AP16: 0 | AQ16: 0 | AR16: 0
A17: =ROW(Source!A222) -> 222 | B17: 64312872 | C17: 64312857 | D17: 58823480 | E17: 25 | F17: 1 | G17: 25 | H17: 1 | I17: 9999990008 | K17: Трудозатраты рабочих | L17: 1191 | N17: 1013 | O17: чел.-ч. | P17: чел.-ч. | Q17: 1 | X17: 8.47 | Y17: 0 | Z17: 0 | AA17: 0 | AB17: 0 | AC17: 0 | AD17: 1 | AE17: 1 | AF17: )*7 | AG17: 59.29 | AH17: 2 | AI17: 64312872 | AJ17: 17 | AK17: 0 | AL17: 0 | AM17: 0 | AN17: 0 | AO17: 0 | AP17: 0 | AQ17: 0 | AR17: 0
A18: =ROW(Source!A223) -> 223 | B18: 64312871 | C18: 64312860 | D18: 58823480 | E18: 25 | F18: 1 | G18: 25 | H18: 1 | I18: 9999990008 | K18: Трудозатраты рабочих | L18: 1191 | N18: 1013 | O18: чел.-ч. | P18: чел.-ч. | Q18: 1 | X18: 22.22 | Y18: 0 | Z18: 0 | AA18: 0 | AB18: 0 | AC18: 0 | AD18: 1 | AE18: 1 | AF18: )*3 | AG18: 66.66 | AH18: 2 | AI18: 64312871 | AJ18: 18 | AK18: 0 | AL18: 0 | AM18: 0 | AN18: 0 | AO18: 0 | AP18: 0 | AQ18: 0 | AR18: 0
A19: =ROW(Source!A224) -> 224 | B19: 64312870 | C19: 64312863 | D19: 58823480 | E19: 25 | F19: 1 | G19: 25 | H19: 1 | I19: 9999990008 | K19: Трудозатраты рабочих | L19: 1191 | N19: 1013 | O19: чел.-ч. | P19: чел.-ч. | Q19: 1 | X19: 32.24 | Y19: 0 | Z19: 0 | AA19: 0 | AB19: 0 | AC19: 0 | AD19: 1 | AE19: 1 | AG19: 32.24 | AH19: 2 | AI19: 64312870 | AJ19: 19 | AK19: 0 | AL19: 0 | AM19: 0 | AN19: 0 | AO19: 0 | AP19: 0 | AQ19: 0 | AR19: 0
A20: =ROW(Source!A225) -> 225 | B20: 64312869 | C20: 64312866 | D20: 58823480 | E20: 25 | F20: 1 | G20: 25 | H20: 1 | I20: 9999990008 | K20: Трудозатраты рабочих | L20: 1191 | N20: 1013 | O20: чел.-ч. | P20: чел.-ч. | Q20: 1 | X20: 43.78 | Y20: 0 | Z20: 0 | AA20: 0 | AB20: 0 | AC20: 0 | AD20: 1 | AE20: 1 | AG20: 43.78 | AH20: 2 | AI20: 64312869 | AJ20: 20 | AK20: 0 | AL20: 0 | AM20: 0 | AN20: 0 | AO20: 0 | AP20: 0 | AQ20: 0 | AR20: 0
A21: =ROW(Source!A291) -> 291 | B21: 64312940 | C21: 64312933 | D21: 58823480 | E21: 25 | F21: 1 | G21: 25 | H21: 1 | I21: 9999990008 | K21: Трудозатраты рабочих | L21: 1191 | N21: 1013 | O21: чел.-ч. | P21: чел.-ч. | Q21: 1 | X21: 14.91 | Y21: 0 | Z21: 0 | AA21: 0 | AB21: 0 | AC21: 0 | AD21: 1 | AE21: 1 | AF21: )*7 | AG21: 104.37 | AH21: 2 | AI21: 64312940 | AJ21: 21 | AK21: 0 | AL21: 0 | AM21: 0 | AN21: 0 | AO21: 0 | AP21: 0 | AQ21: 0 | AR21: 0
A22: =ROW(Source!A292) -> 292 | B22: 64312939 | C22: 64312934 | D22: 58823480 | E22: 25 | F22: 1 | G22: 25 | H22: 1 | I22: 9999990008 | K22: Трудозатраты рабочих | L22: 1191 | N22: 1013 | O22: чел.-ч. | P22: чел.-ч. | Q22: 1 | X22: 37.97 | Y22: 0 | Z22: 0 | AA22: 0 | AB22: 0 | AC22: 0 | AD22: 1 | AE22: 1 | AF22: )*3 | AG22: 113.91 | AH22: 2 | AI22: 64312939 | AJ22: 22 | AK22: 0 | AL22: 0 | AM22: 0 | AN22: 0 | AO22: 0 | AP22: 0 | AQ22: 0 | AR22: 0
A23: =ROW(Source!A293) -> 293 | B23: 64312938 | C23: 64312935 | D23: 58823480 | E23: 25 | F23: 1 | G23: 25 | H23: 1 | I23: 9999990008 | K23: Трудозатраты рабочих | L23: 1191 | N23: 1013 | O23: чел.-ч. | P23: чел.-ч. | Q23: 1 | X23: 52.03 | Y23: 0 | Z23: 0 | AA23: 0 | AB23: 0 | AC23: 0 | AD23: 1 | AE23: 1 | AG23: 52.03 | AH23: 2 | AI23: 64312938 | AJ23: 23 | AK23: 0 | AL23: 0 | AM23: 0 | AN23: 0 | AO23: 0 | AP23: 0 | AQ23: 0 | AR23: 0
A24: =ROW(Source!A294) -> 294 | B24: 64312937 | C24: 64312936 | D24: 58823480 | E24: 25 | F24: 1 | G24: 25 | H24: 1 | I24: 9999990008 | K24: Трудозатраты рабочих | L24: 1191 | N24: 1013 | O24: чел.-ч. | P24: чел.-ч. | Q24: 1 | X24: 71.88 | Y24: 0 | Z24: 0 | AA24: 0 | AB24: 0 | AC24: 0 | AD24: 1 | AE24: 1 | AG24: 71.88 | AH24: 2 | AI24: 64312937 | AJ24: 24 | AK24: 0 | AL24: 0 | AM24: 0 | AN24: 0 | AO24: 0 | AP24: 0 | AQ24: 0 | AR24: 0
A25: =ROW(Source!A330) -> 330 | B25: 64313004 | C25: 64312999 | D25: 58823480 | E25: 25 | F25: 1 | G25: 25 | H25: 1 | I25: 9999990008 | K25: Трудозатраты рабочих | L25: 1191 | N25: 1013 | O25: чел.-ч. | P25: чел.-ч. | Q25: 1 | X25: 2.48 | Y25: 0 | Z25: 0 | AA25: 0 | AB25: 0 | AC25: 0 | AD25: 1 | AE25: 1 | AF25: )*7 | AG25: 17.36 | AH25: 2 | AI25: 64313004 | AJ25: 25 | AK25: 0 | AL25: 0 | AM25: 0 | AN25: 0 | AO25: 0 | AP25: 0 | AQ25: 0 | AR25: 0
A26: =ROW(Source!A331) -> 331 | B26: 64313005 | C26: 64313000 | D26: 58823480 | E26: 25 | F26: 1 | G26: 25 | H26: 1 | I26: 9999990008 | K26: Трудозатраты рабочих | L26: 1191 | N26: 1013 | O26: чел.-ч. | P26: чел.-ч. | Q26: 1 | X26: 5.2 | Y26: 0 | Z26: 0 | AA26: 0 | AB26: 0 | AC26: 0 | AD26: 1 | AE26: 1 | AF26: )*3 | AG26: 15.6 | AH26: 2 | AI26: 64313005 | AJ26: 26 | AK26: 0 | AL26: 0 | AM26: 0 | AN26: 0 | AO26: 0 | AP26: 0 | AQ26: 0 | AR26: 0
A27: =ROW(Source!A332) -> 332 | B27: 64313006 | C27: 64313001 | D27: 58823480 | E27: 25 | F27: 1 | G27: 25 | H27: 1 | I27: 9999990008 | K27: Трудозатраты рабочих | L27: 1191 | N27: 1013 | O27: чел.-ч. | P27: чел.-ч. | Q27: 1 | X27: 10.22 | Y27: 0 | Z27: 0 | AA27: 0 | AB27: 0 | AC27: 0 | AD27: 1 | AE27: 1 | AG27: 10.22 | AH27: 2 | AI27: 64313006 | AJ27: 27 | AK27: 0 | AL27: 0 | AM27: 0 | AN27: 0 | AO27: 0 | AP27: 0 | AQ27: 0 | AR27: 0
A28: =ROW(Source!A333) -> 333 | B28: 64313003 | C28: 64313002 | D28: 58823480 | E28: 25 | F28: 1 | G28: 25 | H28: 1 | I28: 9999990008 | K28: Трудозатраты рабочих | L28: 1191 | N28: 1013 | O28: чел.-ч. | P28: чел.-ч. | Q28: 1 | X28: 10.72 | Y28: 0 | Z28: 0 | AA28: 0 | AB28: 0 | AC28: 0 | AD28: 1 | AE28: 1 | AG28: 10.72 | AH28: 2 | AI28: 64313003 | AJ28: 28 | AK28: 0 | AL28: 0 | AM28: 0 | AN28: 0 | AO28: 0 | AP28: 0 | AQ28: 0 | AR28: 0
A29: =ROW(Source!A369) -> 369 | B29: 64313068 | C29: 64313065 | D29: 58823480 | E29: 25 | F29: 1 | G29: 25 | H29: 1 | I29: 9999990008 | K29: Трудозатраты рабочих | L29: 1191 | N29: 1013 | O29: чел.-ч. | P29: чел.-ч. | Q29: 1 | X29: 24.64 | Y29: 0 | Z29: 0 | AA29: 0 | AB29: 0 | AC29: 0 | AD29: 1 | AE29: 1 | AG29: 24.64 | AH29: 2 | AI29: 64313068 | AJ29: 29 | AK29: 0 | AL29: 0 | AM29: 0 | AN29: 0 | AO29: 0 | AP29: 0 | AQ29: 0 | AR29: 0
A30: =ROW(Source!A370) -> 370 | B30: 64313067 | C30: 64313066 | D30: 58823480 | E30: 25 | F30: 1 | G30: 25 | H30: 1 | I30: 9999990008 | K30: Трудозатраты рабочих | L30: 1191 | N30: 1013 | O30: чел.-ч. | P30: чел.-ч. | Q30: 1 | X30: 2.1 | Y30: 0 | Z30: 0 | AA30: 0 | AB30: 0 | AC30: 0 | AD30: 1 | AE30: 1 | AG30: 2.1 | AH30: 2 | AI30: 64313067 | AJ30: 30 | AK30: 0 | AL30: 0 | AM30: 0 | AN30: 0 | AO30: 0 | AP30: 0 | AQ30: 0 | AR30: 0
